 Dungeon Crawl Stone Soup version 0.31-a0-931-g7b59d4eb97 (webtiles) character file.

Game seed: 1756974085922056436

687918 Xavori the Imperceptible (level 27, -9/90 (153) HPs)
             Began as a Vine Stalker Chaos Knight on Oct 20, 2023.
             Was a Favourite Plaything of Xom.
             Killed from afar by an ancient lich (50 damage)
             ... with a crystal spear
             ... on level 4 of Tartarus.
             The game lasted 02:00:41 (57635 turns).

Xavori the Imperceptible (VSCK)                    Turns: 57635, Time: 02:00:41

HP:   -9/90 (153)   AC: 48    Str: 27 (33) XL:     27
MP:   0/43          EV: 22    Int:  6 (10) God:    Xom [.*....]
Gold: 5788          SH: 34    Dex: 29      Spells: 44/49 levels left

rFire   + . .        K - +9 quick blade (protect)
rCold   + + .        Q - +10 tower shield of Ignorance {rN+ Int-4}
rNeg    + . .        Y - +12 crystal plate armour "Dyep" {Rampage rElec Stlth+}
rPois   +            T - +1 hat
rElec   +            q - scarf {rC+ rF+}
rCorr   .            h - +2 pair of gloves
SInv    +            O - +2 pair of boots {rampage}
Will    ++...        B - amulet of regeneration
Stlth   ++++++       l - ring of the Coward {Will+ Str+5 Dex+6}
HPRegen 1.95/turn    P - ring "Geali" {Fly rC+ EV+5 Str+2}
MPRegen 0.28/turn

%: guardian spirit, rampage
@: under a protective aura, flying, studying 5 skills, very heavily drained,
weak-willed
A: fangs 3, regeneration 1, magic shield, antimagic bite, no potion heal 2,
claws 2, horns 1, thin skeletal structure 1, see invisible, clever 1, high MP 1,
mutation resistance 1, poison resistance, shaggy fur 1, strong 2, sturdy frame
1, [deterioration 1]
}: 3/15 runes: decaying, silver, gossamer
a: Renounce Religion


You were on level 4 of Tartarus.
You worshipped Xom.
You were a plaything of Xom.
You visited 13 branches of the dungeon, and saw 61 of its levels.
You also visited: Sewer, Ice Cave and Desolation.

You collected 8993 gold pieces.
You spent 3205 gold pieces at shops.

Inventory:

Hand Weapons
 K - a +9 quick blade of protection (weapon)
 X - a +9 vampiric quick blade
Missiles
 r - 8 throwing nets
Armour
 e - the scarf "Fisaovvy" {shadows, rElec rPois Will+}
   (You acquired it on level 4 of the Dungeon)

   rElec:     It insulates you from electricity.
   rPois:     It protects you from poison Will+: It increases your willpower.
 h - a +2 pair of gloves (worn)
 o - a +1 helmet of see invisible
 q - a scarf of resistance (worn)
 O - a +2 pair of boots of rampaging (worn)
 Q - the +10 tower shield of Ignorance (worn) {rN+ Int-4}
   (You found it in the Desolation of Salt)

   Int-4:     It affects your intelligence (-4).
   rN+:       It protects you from negative energy.
 S - the +6 faerie dragon scales {Rampage rCorr MP+9 Str-5}
   (You took it off the Enchantress on level 1 of the Depths)

   Str-5:     It affects your strength (-5).
   MP+9:      It affects your magic capacity (+9).
   rCorr:     It protects you from acid and corrosion.
   Rampage:   It bestows one free step when moving towards enemies.
 T - a +1 hat (worn)
 Y - the +12 crystal plate armour "Dyep" (worn) {Rampage rElec Stlth+}
   (You took it off a deep elf high priest on level 5 of the Vaults)

   rElec:     It insulates you from electricity.
   Rampage:   It bestows one free step when moving towards enemies.
   Stlth+:    It makes you more stealthy.
Jewellery
 l - the ring of the Coward (left hand) {Will+ Str+5 Dex+6}
   (You found it on level 3 of the Elven Halls)

   [ring of dexterity]

   Str+5:     It affects your strength (+5).
   Dex+6:     It affects your dexterity (+6).
   Will+:     It increases your willpower.
 p - the ring "Waas" {rF+ rCorr}
   (You took it off a deep elf annihilator on level 3 of the Elven Halls)

   [ring of resist corrosion]

   rF+:       It protects you from fire.
   rCorr:     It protects you from acid and corrosion.
 B - an amulet of regeneration (around neck)
 P - the ring "Geali" (right hand) {Fly rC+ EV+5 Str+2}
   (You took it off an orc priest on level 11 of the Dungeon)

   [ring of evasion]

   EV+5:      It affects your evasion (+5).
   Str+2:     It affects your strength (+2).
   rC+:       It protects you from cold.
   Fly:       It grants you flight.
Talismans
 W - a talisman of death
Wands
 a - a wand of paralysis (93)
 C - a wand of mindburst (14)
 E - a wand of iceblast (85)
 J - a wand of flame (138)
 L - a wand of acid (29)
 R - a wand of digging (33)
 Z - a wand of polymorph (41)
Scrolls
 c - 6 scrolls of blinking
 d - 23 scrolls of teleportation
 k - 7 scrolls of fear
 m - 8 scrolls of revelation
 t - 2 scrolls of immolation
 y - 5 scrolls of summoning
 z - 7 scrolls of fog
 A - 6 scrolls of enchant armour
 G - 3 scrolls of silence
 M - 5 scrolls of poison
Potions
 b - 3 potions of berserk rage
 g - 4 potions of attraction
 j - 14 potions of brilliance
 n - 23 potions of curing
 s - 5 potions of cancellation
 u - 6 potions of invisibility
 v - 10 potions of ambrosia
 w - 11 potions of mutation
 x - 9 potions of might
 D - 8 potions of lignification
 F - 14 potions of haste
 I - 4 potions of resistance
 N - 7 potions of magic
 V - 11 potions of enlightenment
Miscellaneous
 f - a lightning rod (4/4)
 i - a tin of tremorstones (2/2)
 H - a phial of floods
 U - a phantom mirror


   Skills:
 - Level 18.4 Fighting
 - Level 20.1 Short Blades
 - Level 10.6 Armour
 - Level 14.9 Dodging
 - Level 26.0 Stealth
 - Level 18.1 Shields
 - Level 11.6 Spellcasting
 - Level 3.3 Translocations
 - Level 3.5 Air Magic
 - Level 8.0 Evocations
 * Level 22.4 Shapeshifting


You had 44 spell levels left.
You knew the following spells:

 Your Spells              Type           Power      Damage    Failure   Level
a - Swiftness             Air            7%         N/A       98%         3
b - Blink                 Tloc           14%        N/A       88%         2

Your spell library contained the following spells:

 Spells                   Type           Power      Damage    Failure   Level
 Apportation              Tloc           14%        N/A       77%         1
 Lesser Beckoning         Tloc           14%        N/A       88%         2
 Shock                    Conj/Air       20%        1d4       94%         1
 Momentum Strike          Conj/Tloc      10%        3d8       98%         2
 Static Discharge         Conj/Air       10%        2-3/arc   98%         2
 Gell's Gravitas          Tloc           7%         N/A       98%         3
 Teleport Other           Tloc           7%         N/A       98%         3
 Foxfire                  Conj/Fire      12%        2x1d4     99%         1
 Magic Dart               Conj           12%        1d3       99%         1
 Summon Small Mammal      Summ           12%        N/A       99%         1
 Cigotuvi's Dreadful Rot  Necr/Pois/Air  8%         N/A       99%         2
 Call Imp                 Summ           6%         N/A       100%        2
 Ensorcelled Hibernation  Hex/Ice        6%         N/A       100%        2
 Jinxbite                 Hex            6%         N/A       100%        2
 Scorch                   Fire           6%         2d5       100%        2
 Searing Ray              Conj           6%         2d4       100%        2
 Frozen Ramparts          Ice            6%         1d1       100%        3
 Hailstorm                Conj/Ice       3%         3d3       100%        3
 Ignite Poison            Fire/Tmut/Pois 3%         N/A       100%        3
 Mephitic Cloud           Conj/Pois/Air  4%         N/A       100%        3
 Ozocubu's Armour         Ice            3%         N/A       100%        3
 Stone Arrow              Conj/Erth      6%         3d7       100%        3
 Summon Guardian Golem    Hex/Summ       3%         N/A       100%        3
 Tukima's Dance           Hex            3%         N/A       100%        3
 Vampiric Draining        Necr           3%         2d6       100%        3
 Volatile Blastmotes      Fire/Tloc      10%        2d10      100%        3
 Airstrike                Air            3%         2d(1-17)  100%        4
 Anguish                  Hex/Necr       1%         N/A       100%        4
 Animate Dead             Necr           3%         N/A       100%        4
 Brom's Barrelling Bould  Conj/Erth      3%         2d3       100%        4
 Flame Wave               Conj/Fire      3%         2d5       100%        4
 Fulminant Prism          Conj/Hex       1%         3d5       100%        4
 Iskenderun's Mystic Bla  Conj/Tloc      5%         2d3       100%        4
 Leda's Liquefaction      Hex/Erth       1%         N/A       100%        4
 Passage of Golubria      Tloc           7%         N/A       100%        4
 Petrify                  Tmut/Erth      3%         N/A       100%        4
 Summon Lightning Spire   Summ/Air       5%         N/A       100%        4
 Vhi's Electric Charge    Tloc/Air       14%        N/A       100%        4
 Agony                    Necr           3%         N/A       100%        5
 Alistair's Intoxication  Tmut/Pois      2%         N/A       100%        5
 Arcjolt                  Conj/Air       2%         1d12      100%        5
 Borgnjor's Vile Clutch   Necr/Erth      1%         N/A       100%        5
 Fireball                 Conj/Fire      1%         3d3       100%        5
 Freezing Cloud           Conj/Ice/Air   2%         6-21      100%        5
 Iskenderun's Battlesphe  Conj           3%         2d6       100%        5
 Lee's Rapid Deconstruct  Erth           1%         3d4*      100%        5
 Metabolic Englaciation   Hex/Ice        1%         N/A       100%        5
 Silence                  Hex/Air        2%         N/A       100%        5
 Summon Forest            Summ/Tloc      2%         N/A       100%        5
 Yara's Violent Unravell  Hex/Tmut       1%         3d3       100%        5
 Bombard                  Conj/Erth      1%         9d1       100%        6
 Conjure Ball Lightning   Conj/Air       2%         3x3d6     100%        6
 Death Channel            Necr           1%         N/A       100%        6
 Eringya's Noxious Bog    Tmut/Pois      1%         4d6       100%        6
 Plasma Beam              Fire/Air       2%         2x1d12    100%        6
 Simulacrum               Ice/Necr       1%         N/A       100%        6
 Starburst                Conj/Fire      1%         6d3       100%        6
 Summon Cactus Giant      Summ           1%         N/A       100%        6
 Haunt                    Necr/Summ      1%         N/A       100%        7
 Orb of Destruction       Conj           1%         9d5       100%        7
 Ozocubu's Refrigeration  Ice            1%         4d7       100%        7
 Spellforged Servitor     Conj/Summ      1%         N/A       100%        7
 Summon Hydra             Summ           1%         N/A       100%        7
 Infestation              Necr           1%         N/A       100%        8
 Fire Storm               Conj/Fire      1%         8d1       100%        9
 Polar Vortex             Ice            1%         N/A       100%        9


Dungeon Overview and Level Annotations

Branches:
Dungeon (15/15)            Temple (0/1) D:4            Lair (5/5) D:8
  Swamp (4/4) Lair:3       Spider (4/4) Lair:3        Slime (0/5) Lair:4
    Orc (2/2) D:11            Elf (3/3) Orc:2        Vaults (5/5) D:14
  Crypt (3/3) Vaults:2       Tomb (0/3) Crypt:3      Depths (4/4) D:15
   Hell (visited)             Dis (0/7) Hell            Geh (0/7) Hell
    Coc (6/7) Hell            Tar (6/7) Hell            Zot (4/5) Depths:4
  Sewer (visited)           IceCv (visited)         Desolation (visited)

Altars:
Dithmenos
Gozag
Hepliaklqana
Makhleb
Nemelex Xobeh
Okawaru
Sif Muna
Trog
Uskayaw
Vehumet
Wu Jian
Xom
Yredelemnul

Shops:
D:8 [(!(   D:15 ?   Orc:2 [(([   Elf:1 =(*   Vaults:3 *   Vaults:4 [
Depths:1 (*?

Portals:
Hell: Depths:1 Depths:2 Depths:3 Depths:4
Abyss: D:5 Depths:2 Depths:3
Pandemonium: Depths:2
Ziggurat: Depths:3

Annotations:
D:5 2 transporters, Runia's ghost, amateur MfIE
D:6 Grinder
Vaults:2 2 transporters, Asumeq's ghost, veteran GrFi
Vaults:4 3 runed translucent doors, exclusion: obsidian statue, Joextigh's ghost, veteran KoHu
Depths:3 1 runed translucent door
Zot:1 3 transporters


Innate Abilities, Weirdness & Mutations

You have razor-sharp teeth.
Your natural rate of healing is unusually fast.
When hurt, damage is shared between your health and your magic reserves.
Your bite disrupts and absorbs the magic of your enemies.
Potions cannot restore your health.
You have very sharp fingernails.
You have a pair of small horns on your head.
You have a somewhat thin skeletal structure. (Dex +2, Stealth+)
You have supernaturally acute eyesight. (SInv)
Your mind is acute. (Int +4, Str/Dex -1)
You have an increased reservoir of magic. (+10% MP)
You are somewhat resistant to further mutation.
Your system is resistant to poisons. (rPois)
You are covered in fur. (AC +1)
Your muscles are very strong. (Str +8, Int/Dex -2)
Your movements are slightly less encumbered by armour. (ER -2)
[Your body sometimes deteriorates upon taking damage.]


Message History

You spit the dread lich like a pig!!!
Your weapon exudes an aura of protection.
The tormentor roars! x2
You headbutt the dread lich, but do no damage.
You bite the dread lich!
The dread lich's magic leaks into the air.
You drain its magic.
You hit the dread lich but do no damage.
You headbutt the dread lich, but do no damage.
The dread lich is severely damaged.
Xom makes a sudden noise!
You hear strange voices.
You are now a plaything of Xom.
The ancient lich shouts!
The putrid mouth gives a chilling moan.
You hear a shout! x3; You hear a roar!
You hear a chilling moan.
You hear a shout!
The tormentor calls on the powers of darkness!
Your body is wracked with pain!
Xom is highly amused!
Unknown command.
You rampage towards the tormentor!
The ancient lich gestures wildly while chanting.
The ancient lich seems to speed up.
The ancient lich casts a spell.
The ancient lich flickers and vanishes for a moment.
The hellion gestures at you.
The sphere of damnation explodes!
The damnation engulfs you!
There is a gateway leading out of Tartarus here.
Unknown command.
Unknown command.
The tormentor calls on the powers of darkness!
Your body is wracked with pain!
Xom thinks this is hilarious!
The dread lich falters for a moment.
The ancient lich casts a spell.
The ancient lich flickers and vanishes for a moment.
The ancient lich gestures at you while chanting.
The crystal spear hits you!!!
Ouch! That really hurt!
You die...
Xom laughs nastily!

#.#. ##... ....+
#..W. ....#
##....## #2....
#...L..# ......
#..Z...###.L....
#..2.#....#
###L...L#
##.@.## #...21#
#...L#....#
...W..###2.....
..L.1. ......
.....# #.....
..... .....
..... .....


You could see 4 ancient liches, 2 dread liches, 2 Tzitzimimeh, 2 putrid mouths,
a spectral nagaraja, a hellion and 3 tormentors.

Vanquished Creatures
  3 dread liches
  An orb of fire (Zot:3)
  An ancient lich (Coc:1)
  A juggernaut (Zot:3)
  Boris (thrice) (Vaults:4 Crypt:2 Depths:1)
  Josephina (Depths:2)
  9 shard shrikes
  2 curse toes
  A caustic shrike (Vaults:5)
  Nikola (Elf:3)
  Geryon (Hell)
  the Enchantress (Depths:1)
  6 golden dragons
  Jory (Crypt:2)
  2 doom hounds
  6 bone dragons
  Jorgrun (Elf:1)
  A Tzitzimitl (Tar:3)
  3 electric golems
  16 tentacled monstrosities
  6 deep elf blademasters
  6 liches
  Rupert (D:12)
  9 Ice Fiends
  7 tainted leviathans
  A walking divine tome (Depths:2)
  6 sphinxes
  10 titans
  6 quicksilver dragons
  Kirke (Swamp:3)
  5 death cobs
  4 tengu reavers
  5 ancient champions
  15 storm dragons
  13 shadow dragons
  3 revenants
  Aizul (Vaults:4)
  A daeva (Depths:3)
  6 draconian monks
  3 draconian knights
  7 frost giants
  4 fenstrider witches
  10 deep elf sorcerers
  2 narguns
  8 fire giants
  6 emperor scorpions (Spider:4)
  A spectral juggernaut (Tar:2)
  5 ghost moths
  17 vault wardens
  2 curse skulls
  Louise (D:14)
  A draconian scorcher (Zot:1)
  6 deep elf elementalists (Elf:3)
  A juggernaut zombie (Depths:2)
  3 draconian shifters
  4 iron dragons
  A caustic shrike zombie (Crypt:1)
  3 balrugs
  9 ghouls
  13 ironbound preservers
  7 reapers
  6 shard shrike simulacra
  8 spriggan defenders
  2 spectral caustic shrikes (Tar:2)
  6 draconian stormcallers
  A caustic shrike skeleton (Crypt:1)
  3 draconian annihilators
  2 formless jellyfish
  A broodmother (Spider:4)
  2 war gargoyles
  25 very ugly things
  5 orc warlords
  21 vampire knights
  3 ironbound thunderhulks
  17 stone giants
  10 green draconians
  11 black draconians
  The ghost of DocEon the Tortoise, a journeyman AtFi of Gozag (Lair:5)
  4 putrid mouths
  19 elemental wellsprings
  7 eleionomae
  7 deep elf demonologists
  10 red draconians
  10 deep elf annihilators
  A spectral titan (Tar:2)
  A minotaur (shapeshifter) (Vaults:4)
  Azrael (Orc:2)
  A lorocyproca (Hell)
  11 spark wasps
  20 yellow draconians
  4 white draconians
  5 bunyips
  4 halazid warlocks (Desolation)
  5 wendigos
  Snorg (D:12)
  The ghost of Fiakok the Severer, a journeyman OpFi of Okawaru (Lair:2)
  10 purple draconians
  4 blizzard demons
  12 dire elephants
  7 deep elf death magi
  3 eidola
  5 crystal guardians
  2 iron golems (Hell)
  7 fire dragons
  2 quicksilver dragon zombies
  2 spectral quicksilver dragons
  11 jiangshi
  19 yaktaur captains
  Fannar (D:10)
  5 entropy weavers
  3 spectral spriggans
  6 deep elf high priests
  12 ettins
  2 shambling mangroves
  8 ragged hierophants (Desolation)
  Harold (Lair:1)
  32 vault guards
  2 spriggan zombies
  8 great orbs of eyes
  7 caustic shrike simulacra
  7 peacekeepers
  8 ice dragons
  4 rakshasas
  5 ogre magi
  A hell beast (Hell)
  3 servants of whispers (Desolation)
  A ghost crab (Swamp:2)
  3 radroaches
  A catoblepas (Lair:5)
  10 jorogumos
  9 hydras
  2 death knights
  3 spriggan air magi
  Erica (D:8)
  4 boulder beetles
  20 dancing weapons
  A satyr (Depths:4)
  10 two-headed ogres
  7 ironbound frosthearts
  3 juggernaut simulacra
  13 alligators
  14 centaur warriors
  6 deep troll shamans
  4 hell hogs (Hell)
  15 death yaks
  3 tengu warriors
  A spectral stone giant (Tar:3)
  3 demonic crawlers
  10 vampire magi
  2 spectral dire elephants (Tar:2)
  3 deep troll earth magi
  A titan zombie (Crypt:1)
  3 orc high priests (Orc:2)
  2 spectral nagas
  A spectral storm dragon (Tar:1)
  Urug (Orc:1)
  A hell knight (Vaults:4)
  7 spriggan berserkers
  A sixfirhy (Swamp:4)
  12 soul eaters
  11 deep elf knights
  A crystal echidna (Hell)
  7 shadow wraiths
  13 sun demons
  9 goliath frogs
  A skyshark (Lair:3)
  12 iron trolls
  5 pharaoh ants
  2 spectral anacondas
  Lodul (D:12)
  A spectral bunyip (Tar:1)
  A storm dragon skeleton (Depths:3)
  2 salamander mystics (Depths:3)
  5 spriggan druids
  5 glowing orange brains
  A quicksilver dragon simulacrum (Coc:4)
  4 arcanists
  37 skeletal warriors
  8 bog bodies
  11 deep elf archers
  48 deep trolls
  7 flayed ghosts
  An anaconda zombie (Hell)
  A sea snake (Vaults:5)
  5 occultists
  5 spriggan simulacra
  11 orb spiders
  An iron giant skeleton (Crypt:1)
  4 swamp dragons
  2 golden dragon skeletons (Depths:2)
  25 ironbound convokers
  An orange crystal statue (Hell)
  6 steelbarb worms
  31 phantasmal warriors
  9 lindwurms
  An anaconda skeleton (Crypt:1)
  An iron dragon zombie (Crypt:1)
  36 deep elf pyromancers
  3 mana vipers (Depths:3)
  9 necromancers
  22 orc knights
  36 ugly things
  38 deep elf zephyrmancers
  4 harpies (Vaults:2)
  7 salamanders (Depths:3)
  5 orc sorcerers
  8 cyclopes
  6 will-o-the-wisps
  17 wolf spiders
  A tengu skeleton (Vaults:4)
  7 manticores
  23 moths of wrath
  A spectral alligator snapping turtle (Tar:1)
  9 elephants
  2 guardian serpents (Desolation)
  3 ice statues
  Maurice (D:10)
  5 centaur zombies
  A formless jellyfish zombie (Crypt:3)
  An orange demon (Swamp:4)
  2 black mambas (shapeshifter)
  21 vault sentinels
  2 stone giant skeletons
  2 black mambas (Lair:5)
  A molten gargoyle (Depths:3)
  An eye of devastation (shapeshifter) (Elf:1)
  A smoke demon (Depths:1)
  A titan simulacrum (Coc:2)
  7 torpor snails
  4 hellions
  3 gargoyles
  2 naga skeletons
  2 rime drakes
  2 storm dragon simulacra
  Psyche (D:8)
  10 komodo dragons
  Jeremiah (D:9)
  An unseen horror (D:12)
  5 tormentors
  A kobold demonologist (D:9)
  11 cane toads
  An efreet (D:14)
  10 freezing wraiths
  A catoblepas skeleton (Crypt:3)
  A sea snake zombie (Hell)
  A black draconian zombie (Crypt:1)
  A harpy zombie (Crypt:3)
  A mana viper zombie (Crypt:2)
  34 yaktaurs
  3 iron giant simulacra
  3 spectral harpies
  2 sea snake skeletons (Hell)
  2 tengu conjurers
  2 hydra zombies (Hell)
  6 trolls
  4 anaconda simulacra
  4 hellwings (Swamp:4)
  A tarantella (shapeshifter) (D:13)
  A wolf spider simulacrum (D:15)
  A hydra skeleton (Hell)
  25 tarantellas
  14 hornets
  2 bloated husks
  A fire dragon zombie (Crypt:3)
  7 tyrant leeches
  16 blink frogs
  15 polar bears
  2 tengu simulacra (Depths:2)
  An iron dragon simulacrum (Coc:3)
  A dream sheep (shapeshifter) (Vaults:3)
  46 saltlings (Desolation)
  A dream sheep (Lair:2)
  3 human skeletons
  A harpy skeleton (Crypt:1)
  A jumping spider (shapeshifter) (Elf:2)
  2 frost giant simulacra
  2 air elementals
  19 spriggans
  20 slime creatures
  16 culicivoras
  8 flying skulls
  26 jumping spiders
  13 wraiths
  2 centaur simulacra
  7 dire elephant simulacra
  4 naga simulacra
  2 water elementals
  A vampire (D:12)
  8 fire elementals
  A fire bat (IceCv)
  A hog (shapeshifter) (D:15)
  3 hogs (Swamp:3)
  5 wyverns
  54 yaks
  An alligator snapping turtle simulacrum (Coc:1)
  A black mamba skeleton (Crypt:1)
  A basilisk (Lair:4)
  A death yak simulacrum (Lair:4)
  2 steam dragons
  A sea snake simulacrum (Hell)
  52 redbacks
  3 vampire mosquitoes (D:10)
  2 naga zombies
  3 wargs
  A naga (shapeshifter) (Vaults:5)
  19 harpy simulacra
  A water nymph zombie (Crypt:3)
  15 swamp worms
  2 hydra simulacra
  2 acid dragons
  An entropy weaver zombie (Crypt:2)
  6 water moccasins
  A merfolk skeleton (Crypt:2)
  12 orc warriors
  A swamp drake (Swamp:4)
  3 black bears
  A fire dragon simulacrum (Coc:1)
  A sky beast (D:8)
  A human zombie (Vaults:5)
  2 ice beasts
  15 ogres
  An ettin simulacrum (Coc:1)
  A swamp dragon skeleton (Crypt:1)
  34 wolves
  4 boggarts (Lair:4)
  8 centaurs
  4 phantoms
  Blork the orc (D:6)
  A kobold brigand (D:7)
  A komodo dragon zombie (Crypt:1)
  A hog skeleton (Crypt:3)
  17 bullfrogs
  2 necrophages (Swamp:4)
  4 scorpions
  2 cane toad simulacra (Lair:4)
  4 earth elementals
  A glowing shapeshifter simulacrum (Vaults:5)
  11 wights
  A warg zombie (Crypt:3)
  3 killer bees (D:10)
  8 electric eels
  2 howler monkeys
  A wolf skeleton (Crypt:1)
  A human simulacrum (Vaults:5)
  2 jellies
  A basilisk zombie (Crypt:1)
  A hound (D:7)
  A gnoll bouda (D:7)
  15 orc priests
  A sleepcap (D:5)
  4 iguanas
  A black bear skeleton (Crypt:2)
  15 orc wizards
  A polar bear simulacrum (Lair:4)
  A killer bee zombie (Crypt:3)
  A deep dwarf skeleton (Crypt:2)
  4 gnolls
  11 adders
  6 river rats (Sewer)
  A shadow imp (D:5)
  A white imp (D:8)
  2 ufetubi (D:6)
  A worm (D:3)
  4 dart slugs
  47 orcs
  11 endoplasms
  3 giant cockroaches
  4 goblins
  9 hobgoblins
  4 jackals (D:1)
  8 kobolds
  5 quokkas
  17 ball pythons
  5 bats
  5 frilled lizards
  A goblin zombie (Crypt:2)
  A quokka zombie (Crypt:1)
  32 rats
2415 creatures vanquished.

Vanquished Creatures (collateral kills)
  A dire elephant (Lair:5)
  A hydra (Lair:4)
  A two-headed ogre (Orc:2)
  An ogre mage (Orc:2)
  A deep troll shaman (Lair:5)
  An occultist (Depths:3)
  A deep elf pyromancer (Elf:1)
  2 orc knights (Orc:2)
  A cyclops (D:14)
  An ugly thing (D:14)
  2 cane toads
  An iron giant simulacrum (Coc:2)
  A yak (Lair:2)
  3 fire elementals (Orc:2)
  5 redbacks (Spider:2)
  An ogre (Orc:2)
  An ettin simulacrum (Coc:2)
  A gnoll sergeant (D:5)
  An orc priest (Orc:2)
  2 orc wizards
  A gnoll (shapeshifter) (Vaults:5)
  4 gnolls (D:5)
  3 orcs
  An endoplasm (Sewer)
38 creatures vanquished.

Vanquished Creatures (others)
  A shard shrike simulacrum (Coc:3)
  A jiangshi (Crypt:3)
  A fire dragon (Depths:4)
  A caustic shrike simulacrum (Coc:3)
  4 dancing weapons
  A quicksilver dragon simulacrum (Coc:3)
  A spriggan simulacrum (Coc:3)
  An orc knight (Orc:2)
  A phantasmal warrior (Vaults:5)
  A bloated husk (Swamp:2)
  An iron dragon simulacrum (Coc:3)
  A spriggan (Depths:4)
  2 water elementals
  A harpy simulacrum (Coc:1)
  2 orc warriors (Orc:2)
  An ettin simulacrum (Coc:3)
  2 wights (D:8)
  An orc wizard (Orc:2)
  An orc (Orc:2)
  10 foxfires
35 creatures vanquished.

Grand Total: 2488 creatures vanquished

Notes
Turn   | Place    | Note
-------+----------+-------------------------------------------
     0 | D:1      | Xavori the Vine Stalker Chaos Knight began the quest for
                  | the Orb.
     0 | D:1      | Reached XP level 1. HP: 11/11 MP: 2/2
    25 | D:1      | Reached skill level 1 in Dodging
    28 | D:1      | Reached XP level 2. HP: 16/16 MP: 3/3
   151 | D:1      | Found a faded altar of an unknown god.
   226 | D:1      | XOM: divination: magic mapping
   232 | D:1      | Reached skill level 1 in Stealth
   706 | D:1      | XOM is BORED!
   706 | D:1      | XOM: silly message
  1407 | D:1      | XOM: scenery: 1 doors open
  1416 | D:1      | XOM: god gift: scroll labelled HAZIEKLIGAKH {god gift}
  2288 | D:1      | XOM is BORED!
  2435 | D:1      | XOM: silly message
  2913 | D:1      | XOM: divination: detect items
  2947 | D:1      | XOM is BORED!
  2947 | D:1      | XOM: silly message
  2960 | D:1      | XOM: summons 4 hostile shadow creatures
  3599 | D:1      | XOM: scenery: 1 doors close
  4015 | D:1      | XOM is BORED!
  4015 | D:1      | XOM: stat loss: -3 Int (9/12)
  4289 | D:1      | XOM: summons 2 hostile shadow creatures
  4382 | D:2      | XOM: god gift: hand axe {god gift}
  4631 | D:1      | XOM: god gift: scroll labelled VIDWYSAWNU {god gift}
  4637 | D:1      | XOM: give mutation
  4637 | D:1      | Gained mutation: You have a somewhat thin skeletal
                  | structure. (Dex +2, Stealth+) [Xom's grace]
  4802 | D:1      | XOM: cloud trail
  5094 | D:1      | XOM: cloud trail
  5219 | D:1      | XOM: god gift: scroll labelled MUXKIN HUTO {god gift}
  5236 | D:1      | XOM: give mutations
  5236 | D:1      | Gained mutation: You have a pair of small horns on your
                  | head. [Xom's grace]
  5236 | D:1      | Gained mutation: Your spells are a little harder to cast,
                  | but a little more powerful. [Xom's grace]
  5452 | D:2      | Reached XP level 3. HP: 19/19 MP: 4/4
  5522 | D:2      | XOM: god gift: scale mail {god gift}
  5524 | D:2      | XOM: silly message
  6097 | D:3      | XOM: noise
  6114 | D:3      | Reached skill level 2 in Stealth
  6324 | D:3      | XOM: god gift: tourmaline ring {god gift}
  6477 | D:3      | Reached XP level 4. HP: 24/24 MP: 5/5
  6645 | D:3      | XOM: give mutation
  6645 | D:3      | Gained mutation: Your muscles are strong. (Str +4, Int/Dex
                  | -1) [Xom's grace]
  6781 | D:4      | Noticed a scorpion
  6791 | D:4      | Killed a scorpion
  6792 | D:4      | Reached skill level 3 in Stealth
  6792 | D:4      | Reached XP level 5. HP: 27/28 MP: 4/6
  6800 | D:4      | Noticed a phantom
  6813 | D:4      | XOM: confusion (+ monsters)
  6842 | D:4      | Killed a phantom
  6843 | D:4      | Reached skill level 4 in Stealth
  6843 | D:4      | Reached XP level 6. HP: 32/32 MP: 7/7
  6850 | D:4      | Found an ornate altar of the Wu Jian Council.
  6864 | D:4      | Found a shimmering blue altar of Sif Muna.
  6887 | D:4      | You fall into a shaft and drop 2 floors!
  6894 | D:6      | XOM: noise
  6895 | D:6      | Noticed Grinder
  6912 | D:6      | Identified the +1 war axe "Hirereom" {freeze, rC+}
  6916 | D:6      | an ogre changed into a naga
  6916 | D:6      | Noticed a naga
  6916 | D:6      | XOM: polymorph ogre -> naga
  6951 | D:6      | Lost mutation: Your spells are a little harder to cast, but
                  | a little more powerful. [potion of mutation]
  6951 | D:6      | Lost mutation: You have a pair of small horns on your head.
                  | [potion of mutation]
  6951 | D:6      | Gained mutation: You are vulnerable to cold. (rC-) [potion
                  | of mutation]
  6951 | D:6      | Gained mutation: You expend magic power (3 MP) to
                  | strengthen your wands. [potion of mutation]
  6953 | D:6      | Noticed Blork the orc
  6960 | D:6      | Killed Blork the orc
  7012 | D:5      | Entered Level 5 of the Dungeon
  7041 | D:5      | XOM: butterfly on damage
  7044 | D:5      | Reached skill level 5 in Stealth
  7044 | D:5      | Reached XP level 7. HP: 25/37 MP: 8/8
  7254 | D:5      | Found a glowing drain.
  7278 | Sewer    | Entered a sewer
  7340 | Sewer    | XOM: divination: detect items
  7353 | Sewer    | Reached skill level 6 in Stealth
  7592 | Sewer    | Gained mutation: You have razor-sharp teeth. [Vine Stalker
                  | growth]
  7592 | Sewer    | Reached XP level 8. HP: 42/42 MP: 7/9
  7664 | D:5      | XOM: 2-stop teleportation journey
  7737 | D:5      | XOM: stat loss: -1 Str (19/20)
  7749 | D:5      | Found a transporter.
  7773 | D:5      | Reached skill level 7 in Stealth
  7784 | D:5      | XOM: silly message
  7833 | D:5      | Found a one-way gate to the infinite horrors of the Abyss.
  7833 | D:5      | Noticed Runia's ghost (amateur MfIE)
  7834 | D:5      | XOM: polymorph orc -> ball python
  7889 | D:5      | XOM: 1-stop teleportation journey
  7978 | D:5      | Found a sparkling altar of Nemelex Xobeh.
  8014 | D:5      | XOM: 2-stop teleportation journey
  8100 | D:5      | Found a transporter.
  8359 | D:4      | Identified 2 scrolls of acquirement
  8360 | D:4      | Acquired a manual of Fighting
  8362 | D:4      | Acquired the scarf "Fisaovvy" {shadows, rElec rPois Will+}
  8402 | D:4      | XOM: butterfly on damage
  8419 | D:4      | XOM: enchant monster (good)
  8523 | D:4      | Reached skill level 5 in Fighting
  8540 | D:4      | Reached skill level 8 in Stealth
  8600 | D:4      | Found a hide-covered altar of Uskayaw.
  8725 | D:4      | Found a staircase to the Ecumenical Temple.
  8927 | D:6      | XOM: smoke on damage
  8928 | D:6      | Grinder changed into Grinder the rust devil
  8928 | D:6      | Noticed Grinder
  8928 | D:6      | XOM: polymorph Grinder -> Grinder the rust devil
  8936 | D:6      | XOM: divine lightning
  9000 | D:6      | XOM: swap monsters
  9002 | D:6      | XOM: noise
  9191 | D:7      | Reached XP level 9. HP: 47/47 MP: 6/10
  9284 | D:7      | Reached skill level 5 in Short Blades
  9324 | D:7      | XOM: confusion (+ monsters)
  9870 | D:7      | XOM: stat loss: -1 Str (19/20)
  9888 | D:7      | Reached skill level 9 in Stealth
 10037 | D:7      | XOM: torment (29/48 hp)
 10213 | D:8      | XOM: polymorph centaur -> jelly
 10234 | D:8      | Found Fown's Weapon Boutique.
 10275 | D:8      | Noticed a two-headed ogre
 10275 | D:8      | XOM: scenery: summon butterflies
 10292 | D:8      | Killed a two-headed ogre
 10293 | D:8      | Reached skill level 10 in Stealth
 10293 | D:8      | Reached XP level 10. HP: 55/55 MP: 11/11
 10405 | D:8      | Noticed a two-headed ogre
 10411 | D:8      | XOM: confuse monster(s)
 10416 | D:8      | Killed a two-headed ogre
 10417 | D:8      | Reached skill level 5 in Armour
 10417 | D:8      | Reached skill level 5 in Dodging
 10417 | D:8      | Reached skill level 11 in Stealth
 10419 | D:8      | XOM: fog
 10426 | D:8      | XOM: potion effect (might)
 10427 | D:8      | XOM: potion effect (brilliance)
 10461 | D:8      | Found a staircase to the Lair.
 10469 | D:8      | XOM: cloud trail
 10542 | D:8      | Identified the amulet "Koghioz" {Faith rElec} (Xom gifted
                  | it to you on level 8 of the Dungeon)
 10542 | D:8      | XOM: god gift: amulet "Koghioz" {Faith rElec}
 10547 | D:8      | Reached skill level 1 in Evocations
 10604 | D:8      | XOM: cloud trail
 10622 | D:8      | Noticed Psyche
 10625 | D:8      | Found Dotuacw's Distillery.
 10627 | D:8      | Found Feicrea's Antique Weapon Shoppe.
 10628 | D:8      | Killed Psyche
 10634 | D:8      | XOM: destruction
 10806 | D:7      | XOM: potion effect (brilliance)
 10808 | D:7      | XOM: cleaving
 10870 | D:8      | Bought a potion of magic for 128 gold pieces
 10870 | D:8      | Bought a potion of might for 64 gold pieces
 10870 | D:8      | Bought a potion of curing for 48 gold pieces
 10875 | D:8      | Bought a brightly glowing rapier for 171 gold pieces
 10875 | D:8      | Identified the +8 rapier of the Glimmering Gods {flame,
                  | Will+} (You bought it in a shop on level 8 of the Dungeon)
 10945 | D:8      | Found a hazy altar of Hepliaklqana.
 10962 | D:8      | Found Xetielac's Antique Armour Emporium.
 10989 | D:8      | Noticed Erica
 10994 | D:8      | Killed Erica
 10995 | D:8      | Reached skill level 12 in Stealth
 10995 | D:8      | Reached XP level 11. HP: 60/60 MP: 12/12
 11108 | D:8      | Found a shadowy altar of Dithmenos.
 11108 | D:8      | Found a bloodstained altar of Trog.
 11108 | D:8      | Found an opulent altar of Gozag.
 11333 | D:9      | XOM: smoke on damage
 11355 | D:9      | Noticed Jeremiah
 11356 | D:9      | XOM: confuse monster(s)
 11361 | D:9      | XOM: scenery: 1 doors close
 11363 | D:9      | Killed Jeremiah
 11438 | D:9      | XOM: divination: magic mapping
 11442 | D:9      | XOM: summons friendly quasit
 11445 | D:9      | XOM: divination: detect items
 11505 | D:9      | XOM: 8-stop teleportation journey
 11557 | D:9      | XOM: divination: magic mapping
 11884 | D:9      | Reached skill level 1 in Spellcasting
 12237 | D:10     | Entered Level 10 of the Dungeon
 12488 | D:10     | Noticed Maurice
 12492 | D:10     | Killed Maurice
 12497 | D:10     | Reached skill level 13 in Stealth
 12582 | D:10     | Noticed Fannar
 12587 | D:10     | Killed Fannar
 12602 | D:10     | XOM: scenery: 1 doors open, 1 doors close
 12617 | D:10     | Noticed a two-headed ogre
 12627 | D:10     | XOM: silly message
 12640 | D:10     | XOM: potion effect (haste)
 12644 | D:10     | Killed a two-headed ogre
 12824 | D:10     | XOM: silly message
 12828 | D:10     | Reached XP level 12. HP: 51/66 MP: 11/17
 12831 | D:10     | XOM: confuse monster(s)
 12838 | D:10     | Reached skill level 5 in Evocations
 12940 | D:10     | XOM: silly message
 13017 | D:10     | XOM: give mutations
 13017 | D:10     | Gained mutation: You have a pair of small antennae on your
                  | head. [Xom's grace]
 13017 | D:10     | Gained mutation: You possess an exceptional clarity of
                  | mind. [Xom's grace]
 13071 | D:8      | Identified the +0 cloak "Doduv" {Dex+2} (Xom gifted it to
                  | you on level 8 of the Dungeon)
 13071 | D:8      | XOM: god gift: +0 cloak "Doduv" {Dex+2}
 13089 | Lair:1   | Entered Level 1 of the Lair of Beasts
 13567 | Lair:1   | Noticed Harold
 13572 | Lair:1   | Killed Harold
 13801 | D:8      | Bought a pitted cloak for 256 gold pieces
 13801 | D:8      | Identified the +0 cloak "Weas Erph" {+Inv rC+ Str+6 Dex-5}
                  | (You bought it in a shop on level 8 of the Dungeon)
 13832 | Lair:2   | Noticed Fiakok's ghost (journeyman OpFi)
 13832 | Lair:2   | Found a transporter.
 13832 | Lair:2   | Found a transporter.
 13835 | Lair:2   | Noticed a four-headed hydra
 13842 | Lair:2   | Killed a four-headed hydra
 13876 | Lair:2   | XOM: confuse monster(s)
 13948 | Lair:2   | XOM: cast spell 'Call Canine Familiar'
 13952 | Lair:2   | Reached skill level 14 in Stealth
 13955 | Lair:2   | XOM: smoke on damage
 14157 | Lair:2   | Reached skill level 10 in Fighting
 14187 | Lair:2   | Noticed a death yak
 14187 | Lair:2   | Noticed a death yak
 14197 | Lair:2   | XOM: confuse monster(s)
 14199 | Lair:2   | Noticed a death yak
 14201 | Lair:2   | XOM: god gift: wand of acid (7)
 14203 | Lair:2   | Killed a death yak
 14208 | Lair:2   | XOM: summons 4 friendly demons
 14211 | Lair:2   | XOM: enchant monster (good)
 14226 | Lair:2   | XOM: confuse monster(s)
 14233 | Lair:2   | XOM: enchant monster (bad)
 14235 | Lair:2   | XOM: confuse monster(s)
 14235 | Lair:2   | Killed a death yak
 14236 | Lair:2   | Reached skill level 5 in Spellcasting
 14243 | Lair:2   | Killed a death yak
 14711 | Lair:2   | Killed Fiakok's ghost
 14712 | Lair:2   | Reached XP level 13. HP: 42/72 MP: 12/22
 14777 | Lair:2   | Acquired 491 gold pieces
 14796 | Lair:2   | XOM: god gift: wand of paralysis (8)
 14816 | Lair:3   | XOM: stealth player
 14943 | Lair:3   | Found a hole to the Spider Nest.
 14960 | Lair:3   | XOM: cast spell 'Summon Cactus Giant'
 15084 | Lair:3   | XOM: divination: magic mapping
 15088 | Lair:3   | XOM: confuse monster(s)
 15112 | Lair:3   | XOM: god gift: 6 curare-tipped darts
 15220 | Lair:3   | Found a staircase to the Swamp.
 15565 | Lair:3   | XOM: god gift: pitted ring mail {god gift}
 15565 | Lair:3   | Identified the +4 ring mail "Mocroab" {rF++ Will++ Str-2}
                  | (Xom gifted it to you on level 3 of the Lair of Beasts)
 15912 | Lair:4   | XOM: cleaving
 15919 | Lair:4   | Reached skill level 15 in Stealth
 15998 | Lair:4   | XOM: 1-stop teleportation journey
 16030 | Lair:4   | XOM: cast spell 'Olgreb's Toxic Radiance'
 16036 | Lair:4   | XOM: divination: detect items
 16104 | Lair:4   | XOM: summons friendly white imp
 16113 | Lair:4   | XOM: god gift: 26 gold pieces
 16114 | Lair:4   | XOM: confuse monster(s)
 16263 | Lair:4   | XOM: scenery: create altars
 16333 | Lair:4   | XOM: scenery: create altars
 16443 | Lair:4   | XOM: give mutations
 16443 | Lair:4   | Gained mutation: You are clumsy. (Dex -2) [Xom's mischief]
 16443 | Lair:4   | Lost mutation: You are clumsy. (Dex -2) [Xom's mischief]
 16443 | Lair:4   | Gained mutation: Your magical capacity is low. (-10% MP)
                  | [Xom's mischief]
 16443 | Lair:4   | Lost mutation: You are vulnerable to cold. (rC-) [Xom's
                  | mischief]
 16468 | Lair:4   | Found a staircase to the Slime Pits.
 16473 | Lair:4   | Found a frozen archway.
 16491 | IceCv    | Entered an ice cave
 16492 | IceCv    | XOM: blink monster(s)
 16495 | IceCv    | XOM: fog
 16527 | IceCv    | XOM: swap monsters
 16815 | IceCv    | XOM: polymorph wolf -> fire bat
 16846 | IceCv    | Reached XP level 14. HP: 72/79 MP: 21/23
 16941 | IceCv    | XOM: blink monster(s)
 16997 | IceCv    | XOM: scenery: create altars
 17081 | IceCv    | Identified the +1 chain mail "Cipobleich" {rN+ Dex+3}
 17166 | IceCv    | Reached skill level 16 in Stealth
 17234 | IceCv    | XOM: god gift: 38 gold pieces
 17312 | IceCv    | XOM: cast spell 'Olgreb's Toxic Radiance'
 17320 | IceCv    | XOM: summons 2 friendly demons
 17321 | IceCv    | XOM: divination: magic mapping
 17707 | Lair:5   | Entered Level 5 of the Lair of Beasts
 17789 | Lair:5   | XOM: silly message
 17971 | Lair:5   | Found a runed translucent door.
 17983 | Lair:5   | XOM: enchant monster (bad)
 17992 | Lair:5   | XOM: give mutations
 17992 | Lair:5   | Gained mutation: You passively dampen the noise of your
                  | surroundings. [Xom's grace]
 17992 | Lair:5   | Gained mutation: You have a pair of antennae on your head.
                  | [Xom's grace]
 17992 | Lair:5   | Gained mutation: Your muscles are very strong. (Str +8,
                  | Int/Dex -2) [Xom's grace]
 18057 | Lair:5   | XOM: god gift: 51 gold pieces
 18127 | Lair:4   | XOM: destruction
 18445 | Lair:5   | XOM: scenery: summon butterflies
 18675 | Lair:5   | Noticed a dire elephant
 18685 | Lair:5   | XOM: fake destruction
 18689 | Lair:5   | XOM: summons 14 friendly demons
 18692 | Lair:5   | XOM: summons friendly white imp
 18709 | Lair:5   | Killed a dire elephant
 18726 | Lair:5   | Identified the +1 ring mail of Inaction {rPois rF+++ Will+}
 18784 | Lair:5   | Noticed DocEon's ghost (journeyman AtFi)
 18855 | Lair:5   | Killed DocEon's ghost
 19140 | D:11     | Found a radiant altar of Vehumet.
 19224 | D:11     | Reached skill level 17 in Stealth
 19227 | D:11     | XOM: enchant monster (good)
 19231 | D:11     | Reached XP level 15. HP: 57/84 MP: 17/26
 19320 | D:11     | XOM: enchant monster (good)
 19334 | D:11     | Identified the ring "Geali" {Fly rC+ EV+5 Str+2}
 19507 | D:11     | XOM: fake destruction
 19653 | D:11     | Found a staircase to the Orcish Mines.
 19763 | D:11     | XOM: god gift: rapier {god gift}
 19806 | D:11     | XOM: god gift: orcbow {god gift}
 19899 | Orc:1    | Entered Level 1 of the Orcish Mines
 19932 | Orc:1    | XOM: cast spell 'Summon Cactus Giant'
 20030 | Orc:1    | You are sucked into a shaft and drop 1 floor!
 20030 | Orc:2    | Entered Level 2 of the Orcish Mines
 20099 | Orc:2    | XOM: 1-stop teleportation journey
 20205 | Orc:1    | Noticed Urug
 20211 | Orc:1    | Killed Urug
 20282 | Orc:1    | XOM: cleaving
 20468 | Orc:2    | XOM: summons friendly ice devil
 20568 | Orc:2    | Noticed Azrael
 20571 | Orc:2    | XOM: smoke on damage
 20576 | Orc:2    | XOM: summons 2 friendly demons
 20589 | Orc:2    | Killed Azrael
 20678 | Orc:2    | XOM: divine lightning
 20679 | Orc:2    | XOM: scenery: summon butterflies
 20805 | Orc:2    | Reached skill level 10 in Spellcasting
 20855 | Orc:2    | XOM: scenery: summon butterflies
 20900 | Orc:2    | XOM: smoke on damage
 20953 | Orc:2    | XOM: scenery: create altars
 20963 | Orc:2    | XOM: summons 5 friendly demons
 20965 | Orc:2    | XOM: cleaving
 20967 | Orc:2    | XOM: enchant monster (good)
 20995 | Orc:2    | Found Gugaehoa's Armour Boutique.
 20995 | Orc:2    | Found Moyptess's Antique Armour Emporium.
 20997 | Orc:2    | Found Irominu's Weapon Boutique.
 20997 | Orc:2    | Found Dior's Antique Weapon Emporium.
 21007 | Orc:2    | Bought a pair of gloves for 139 gold pieces
 21135 | Orc:2    | Found a staircase to the Elven Halls.
 21336 | D:12     | XOM: enchant monster (good)
 21350 | D:12     | Noticed Snorg
 21356 | D:12     | Killed Snorg
 21412 | D:12     | Noticed Lodul
 21428 | D:12     | Killed Lodul
 21431 | D:12     | XOM: summons friendly neqoxec
 21435 | D:12     | XOM: chaos upgrade
 21456 | D:12     | XOM: god gift: +2 quick blade of chaos
 21512 | D:12     | Identified the +0 ring mail "Gonesui" {SInv}
 21615 | D:12     | Noticed Rupert
 21617 | D:12     | Killed Rupert
 21644 | D:12     | Reached skill level 18 in Stealth
 21842 | D:12     | Reached skill level 1 in Shields
 21861 | D:12     | XOM: god gift: 5 atropa-tipped darts
 22028 | D:13     | XOM: polymorph tengu warrior -> shapeshifter
 22343 | D:13     | XOM: enchant monster (good)
 22635 | D:13     | XOM is BORED!
 22635 | D:13     | XOM: stat loss: -3 Str (22/25)
 22812 | D:14     | Noticed Louise
 22827 | D:14     | Killed Louise
 22837 | D:14     | XOM: noise
 22863 | D:14     | XOM: polymorph cyan ugly thing -> red ugly thing
 22882 | D:14     | Reached skill level 10 in Short Blades
 22986 | D:14     | XOM: confuse monster(s)
 22992 | D:14     | Reached XP level 16. HP: 90/90 MP: 28/28
 23002 | D:14     | XOM: 1-stop teleportation journey
 23003 | D:14     | XOM: cast spell 'Monstrous Menagerie'
 23064 | D:14     | XOM: summons 16 friendly demons
 23070 | D:14     | XOM: enchant monster (bad)
 23349 | D:14     | XOM: stat loss: -1 Int (9/10)
 23505 | D:14     | Found a gate to the Vaults.
 23851 | Swamp:1  | Entered Level 1 of the Swamp
 23937 | Swamp:1  | XOM: enchant monster (bad)
 24029 | Swamp:1  | XOM: give mutations
 24029 | Swamp:1  | Lost mutation: You have a somewhat thin skeletal structure.
                  | (Dex +2, Stealth+) [Xom's mischief]
 24029 | Swamp:1  | Gained mutation: Your flesh is cold resistant. (rC+) [Xom's
                  | mischief]
 24029 | Swamp:1  | Lost mutation: Your muscles are very strong. (Str +8,
                  | Int/Dex -2) [Xom's mischief]
 24031 | Swamp:1  | XOM: confuse monster(s)
 24125 | Swamp:1  | Noticed a thorn hunter
 24138 | Swamp:1  | a thorn hunter changed into a shambling mangrove
 24138 | Swamp:1  | XOM: polymorph thorn hunter -> shambling mangrove
 24143 | Swamp:1  | XOM: 5-stop teleportation journey
 24145 | Swamp:1  | XOM: summons friendly white imp
 24149 | Swamp:1  | XOM: scenery: create altars
 24150 | Swamp:1  | XOM: polymorph goliath frog -> jorogumo
 24153 | Swamp:1  | XOM: scenery: summon butterflies
 24174 | Swamp:1  | XOM: polymorph alligator -> jorogumo
 24198 | Swamp:1  | XOM: divination: detect creatures
 24273 | Lair:3   | XOM: summons 3 hostile demons
 24336 | Spider:1 | Entered Level 1 of the Spider Nest
 24373 | Spider:1 | XOM: blink monster(s)
 24420 | Spider:1 | XOM: 3-stop teleportation journey
 24470 | Spider:1 | XOM: give mutations
 24470 | Spider:1 | Lost mutation: You passively dampen the noise of your
                  | surroundings. [Xom's mischief]
 24470 | Spider:1 | Lost mutation: Your magical capacity is low. (-10% MP)
                  | [Xom's mischief]
 24591 | Spider:1 | XOM: potion effect (haste)
 24765 | Spider:1 | Reached skill level 19 in Stealth
 24817 | Spider:1 | XOM: summons 6 friendly demons
 24832 | Spider:1 | Identified the ring of Nuecvok {Will+ Slay+3}
 25203 | Spider:2 | XOM: cast spell 'Summon Ice Beast'
 25365 | Spider:2 | XOM: 2-stop teleportation journey
 25402 | Spider:2 | XOM: summons 10 friendly demons
 25446 | Spider:2 | XOM: give mutations
 25446 | Spider:2 | Gained mutation: Your flesh is heat resistant. (rF+) [Xom's
                  | grace]
 25446 | Spider:2 | Gained mutation: Your flesh is very heat resistant. (rF++)
                  | [Xom's grace]
 25446 | Spider:2 | Gained mutation: You are partially covered in iridescent
                  | scales. (AC +2) [Xom's grace]
 25494 | Spider:2 | Reached XP level 17. HP: 49/95 MP: 26/33
 25495 | Spider:2 | XOM: destruction
 25502 | Spider:2 | XOM: blink monster(s)
 25521 | Spider:2 | XOM: cast spell 'Monstrous Menagerie'
 25575 | Spider:2 | Identified the +0 leather armour of Servitude {rF+ Dex+2
                  | SInv}
 25600 | Spider:2 | XOM: divination: detect items
 25673 | Spider:2 | XOM: noise
 25678 | Spider:2 | XOM: cast spell 'Summon Mana Viper'
 25679 | Spider:2 | XOM: noise
 25681 | Spider:2 | XOM: cast spell 'Summon Ice Beast'
 25796 | Spider:3 | XOM: smoke on damage
 25857 | Spider:3 | XOM: potion effect (experience)
 25857 | Spider:3 | Reached skill level 20 in Stealth
 25857 | Spider:3 | Reached XP level 18. HP: 100/100 MP: 34/34
 25860 | Spider:3 | XOM: enchant monster (bad)
 25915 | Spider:3 | Learned a level 3 spell: Swiftness
 25915 | Spider:3 | XOM: god gift: 5 stones
 26035 | Spider:3 | XOM: divination: detect items
 26073 | Spider:3 | Identified the +7 halberd of Past Mistakes {heavy, Will-
                  | rCorr Int+3 Dex+5}
 26085 | Spider:3 | Identified the +3 long sword "Laloa" {freeze, rF+ Int+4}
 26174 | Spider:3 | Reached skill level 1 in Air Magic
 26257 | Spider:3 | Learned a level 2 spell: Blink
 26265 | Spider:3 | XOM: give mutations
 26265 | Spider:3 | Lost mutation: Your muscles are strong. (Str +4, Int/Dex
                  | -1) [Xom's mischief]
 26265 | Spider:3 | Lost mutation: Your flesh is cold resistant. (rC+) [Xom's
                  | mischief]
 26265 | Spider:3 | Gained mutation: You have large cloven feet. [Xom's
                  | mischief]
 26265 | Spider:3 | Lost mutation: You expend magic power (3 MP) to strengthen
                  | your wands. [Xom's mischief]
 26268 | Spider:4 | XOM: noise
 26268 | Spider:4 | Entered Level 4 of the Spider Nest
 26325 | Spider:4 | XOM: give mutation
 26325 | Spider:4 | Lost mutation: You possess an exceptional clarity of mind.
                  | [Xom's mischief]
 26339 | Spider:3 | XOM: summons 3 hostile shadow creatures
 26432 | Spider:4 | XOM: blink monster(s)
 26560 | Spider:4 | Reached skill level 5 in Shields
 26593 | Spider:4 | Reached skill level 1 in Translocations
 26664 | Spider:4 | XOM: scenery: summon butterflies
 26792 | Spider:4 | XOM: summons friendly white imp
 26906 | Spider:4 | XOM: fog
 26908 | Spider:4 | XOM: 1-stop teleportation journey
 26911 | Spider:4 | XOM: cleaving
 26963 | Spider:4 | XOM: confusion
 26964 | Spider:4 | XOM: summons friendly iron imp
 26979 | Spider:4 | XOM: noise
 27050 | Spider:4 | Identified the +8 ring mail of Bitterness {Harm Will+}
 27127 | Spider:4 | XOM: butterfly on damage
 27202 | Spider:4 | XOM: silly message
 27402 | Spider:4 | Got a gossamer rune of Zot
 27456 | Spider:4 | XOM: stat loss: -1 Str (17/18)
 27518 | Spider:4 | Reached skill level 10 in Dodging
 27806 | D:15     | Entered Level 15 of the Dungeon
 27844 | D:15     | Found a bloodstained altar of Trog.
 27979 | D:15     | Found a staircase to the Depths.
 28114 | D:15     | Found Bosaihiq's Magic Scroll Boutique.
 28119 | D:15     | Bought a scroll of enchant weapon for 82 gold pieces
 28714 | D:15     | Reached XP level 19. HP: 106/106 MP: 35/35
 28726 | D:15     | XOM: give mutations
 28726 | D:15     | Lost mutation: You have large cloven feet. [Xom's mischief]
 28726 | D:15     | Gained mutation: You have sharp toenails. [Xom's mischief]
 28726 | D:15     | Gained mutation: Your spells are a little easier to cast,
                  | but a little less powerful. [Xom's mischief]
 28726 | D:15     | Lost mutation: You are partially covered in iridescent
                  | scales. (AC +2) [Xom's mischief]
 28726 | D:15     | Gained mutation: You are partially covered in iridescent
                  | scales. (AC +2) [Xom's mischief]
 28873 | D:15     | Bought a scroll of enchant armour for 82 gold pieces
 28916 | Swamp:4  | Identified the of Deitayss
 28916 | Vaults:1 | Entered Level 1 of the Vaults
 29099 | Vaults:1 | Reached skill level 21 in Stealth
 29118 | Vaults:1 | XOM: noise
 29129 | Vaults:1 | XOM: summons 8 hostile demons
 29142 | Vaults:1 | XOM: swap monsters
 29206 | Vaults:1 | XOM: 1-stop teleportation journey
 29261 | Vaults:1 | XOM: chaos upgrade
 29265 | Vaults:1 | XOM: enchant monster (bad)
 29408 | Vaults:1 | XOM: stat loss: -1 Dex (18/19)
 29486 | Vaults:1 | XOM: summons 5 hostile demons
 29581 | Vaults:1 | XOM: stat loss: -1 Str (17/18)
 29583 | Vaults:1 | XOM: enchant monster (good)
 29587 | Vaults:1 | XOM: noise
 29589 | Vaults:1 | XOM: give mutations
 29589 | Vaults:1 | Gained mutation: You passively map a small area around you.
                  | [Xom's mischief]
 29589 | Vaults:1 | Gained mutation: You occasionally shout uncontrollably at
                  | your foes. [Xom's mischief]
 29589 | Vaults:1 | Lost mutation: You are partially covered in iridescent
                  | scales. (AC +2) [Xom's mischief]
 29646 | Vaults:1 | XOM: 1-stop teleportation journey
 29674 | Vaults:1 | XOM: draining
 29690 | Vaults:1 | XOM: noise
 29706 | Vaults:1 | XOM: noise
 29708 | Vaults:1 | XOM: noise
 29711 | Vaults:1 | XOM: blink monster(s)
 30033 | Vaults:1 | XOM: silly message
 30036 | Vaults:1 | XOM: potion effect (brilliance)
 30047 | Vaults:1 | XOM: potion effect (experience)
 30047 | Vaults:1 | Reached XP level 20. HP: 56/108 MP: 16/36
 30080 | Vaults:1 | XOM: divination: detect items
 30277 | Vaults:1 | XOM: divination: magic mapping
 30282 | Vaults:1 | XOM: silly message
 30288 | Vaults:1 | XOM: give mutation
 30288 | Vaults:1 | Lost mutation: You occasionally shout uncontrollably at
                  | your foes. [Xom's mischief]
 30333 | Vaults:1 | XOM: summons 3 hostile shadow creatures
 30336 | Vaults:1 | XOM: enchant monster (bad)
 30675 | Vaults:2 | Found a staircase to the Crypt.
 30675 | Vaults:2 | XOM: 3-stop teleportation journey
 30680 | Vaults:2 | Reached skill level 22 in Stealth
 30722 | Vaults:2 | XOM: chaos upgrade
 30794 | Vaults:2 | XOM: 1-stop teleportation journey
 30886 | Vaults:2 | XOM: enchant monster (bad)
 30993 | Vaults:2 | XOM: confusion (+ monsters)
 31004 | Vaults:2 | XOM: enchant monster (bad)
 31109 | Vaults:2 | Found a transporter.
 31109 | Vaults:2 | Noticed Asumeq's ghost (veteran GrFi)
 31122 | Vaults:2 | XOM: draining
 31147 | Vaults:2 | XOM: cast spell 'Cause Fear'
 31148 | Vaults:2 | XOM: confuse monster(s)
 31175 | Vaults:2 | XOM: noise
 31202 | Vaults:2 | XOM: confuse monster(s)
 31279 | Vaults:2 | Noticed a dread lich
 31286 | Vaults:2 | Found a transporter.
 31369 | Vaults:2 | XOM: confuse monster(s)
 31486 | Vaults:2 | XOM: divination: detect creatures
 31511 | Vaults:2 | Reached XP level 21. HP: 116/116 MP: 37/37
 31877 | Vaults:2 | XOM: silly message
 31966 | Vaults:2 | XOM: summons 2 hostile demons
 32055 | Vaults:2 | XOM: give mutations
 32055 | Vaults:2 | Gained mutation: You sometimes lose your temper in combat.
                  | [Xom's mischief]
 32055 | Vaults:2 | Lost mutation: You passively map a small area around you.
                  | [Xom's mischief]
 32064 | Desolati | Identified the "Vautoidi"
 32064 | Desolati | Identified the "Ewohi"
 32084 | Vaults:3 | Found a crumbling gateway.
 32092 | Desolati | Entered the Desolation of Salt
 32181 | Desolati | XOM: cleaving
 32203 | Desolati | Identified the +10 flail "Rameerus" {holy, *Slow +Blink
                  | rElec rC+}
 32309 | Desolati | Lost mutation: You have a pair of antennae on your head.
                  | [potion of mutation]
 32309 | Desolati | Lost mutation: You sometimes lose your temper in combat.
                  | [potion of mutation]
 32309 | Desolati | Lost mutation: Your spells are a little easier to cast, but
                  | a little less powerful. [potion of mutation]
 32309 | Desolati | Gained mutation: Your flesh is almost immune to the effects
                  | of heat. (rF+++) [potion of mutation]
 32309 | Desolati | Lost mutation: You have a pair of small antennae on your
                  | head. [potion of mutation]
 32419 | Desolati | Reached skill level 23 in Stealth
 32449 | Desolati | Reached skill level 15 in Fighting
 32453 | Desolati | XOM: polymorph servant of whispers -> bunyip
 32492 | Desolati | XOM: blink monster(s)
 32620 | Desolati | Found the +10 tower shield of Ignorance {rN+ Int-4}
 32635 | Desolati | Identified the +6 battleaxe of Rirotets {heavy, rElec
                  | Str+5}
 32974 | Vaults:3 | XOM: confuse monster(s)
 32985 | Vaults:3 | Reached skill level 15 in Short Blades
 33020 | Vaults:3 | XOM: fog
 33028 | Vaults:3 | XOM: summons 4 friendly demons
 33180 | Vaults:3 | XOM: god gift: plate armour {god gift}
 33230 | Vaults:3 | XOM: polymorph orc knight -> culicivora
 33342 | Vaults:3 | Found Iluoth's General Store.
 33648 | Vaults:3 | XOM: divination: magic mapping
 33663 | Vaults:3 | XOM: give mutations
 33663 | Vaults:3 | Lost mutation: Your flesh is almost immune to the effects
                  | of heat. (rF+++) [Xom's mischief]
 33663 | Vaults:3 | Lost mutation: Your flesh is very heat resistant. (rF++)
                  | [Xom's mischief]
 33874 | Vaults:3 | XOM: give mutations
 33874 | Vaults:3 | Gained mutation: You are agile. (Dex +4, Str/Int -1) [Xom's
                  | grace]
 33874 | Vaults:3 | Gained mutation: You have supernaturally acute eyesight.
                  | (SInv) [Xom's grace]
 33879 | Vaults:3 | Identified the +3 leather armour "Quohuiw" {Str+3}
 33996 | Vaults:4 | Found Mok Zoty's Antique Armour Shoppe.
 34049 | Vaults:4 | XOM: give mutations
 34049 | Vaults:4 | Gained mutation: Your mind is acute. (Int +4, Str/Dex -1)
                  | [Xom's grace]
 34049 | Vaults:4 | Gained mutation: Your muscles are strong. (Str +4, Int/Dex
                  | -1) [Xom's grace]
 34049 | Vaults:4 | Gained mutation: You expend magic power (3 MP) to
                  | strengthen your wands. [Xom's grace]
 34069 | Vaults:4 | XOM: give mutations
 34069 | Vaults:4 | Gained mutation: You have sharp fingernails. [Xom's grace]
 34069 | Vaults:4 | Gained mutation: Your spells are a little harder to cast,
                  | but a little more powerful. [Xom's grace]
 34069 | Vaults:4 | Gained mutation: You have very sharp fingernails. [Xom's
                  | grace]
 34069 | Vaults:4 | Gained mutation: Your muscles are very strong. (Str +8,
                  | Int/Dex -2) [Xom's grace]
 34116 | Vaults:4 | Reached XP level 22. HP: 116/122 MP: 38/38
 34138 | Vaults:4 | XOM: destruction
 34201 | Vaults:4 | XOM: polymorph slime creature -> torpor snail
 34226 | Vaults:4 | Found a runed translucent gate.
 34226 | Vaults:4 | Found a runed translucent gate.
 34226 | Vaults:4 | Found an opulent altar of Gozag.
 34226 | Vaults:4 | Found a runed translucent gate.
 34228 | Vaults:4 | Noticed Joextigh's ghost (veteran KoHu)
 34247 | Vaults:4 | XOM: give mutations
 34247 | Vaults:4 | Gained mutation: You have a pair of small antennae on your
                  | head. [Xom's grace]
 34247 | Vaults:4 | Gained mutation: You are robust. (+10% HP) [Xom's grace]
 34308 | Vaults:4 | XOM: cloud trail
 34324 | Vaults:4 | XOM: chaos upgrade
 34434 | Vaults:4 | XOM: cleaving
 34434 | Vaults:4 | Noticed Aizul
 34443 | Vaults:4 | Killed Aizul
 34519 | Vaults:4 | Noticed a golden dragon
 34523 | Vaults:4 | Killed a golden dragon
 34595 | Vaults:4 | XOM: cloud trail
 35388 | Vaults:5 | Identified the "Reduenea"
 35388 | Vaults:5 | Identified the of Hasto
 35388 | Depths:3 | Identified the "Akkedeav"
 35388 | Elf:1    | Identified the "Jierisom"
 35388 | Elf:1    | Entered Level 1 of the Elven Halls
 35472 | Elf:1    | XOM: cast spell 'Summon Cactus Giant'
 35644 | Elf:1    | XOM: silly message
 35660 | Elf:1    | Found Gomaad's Antique Weapon Shop.
 35660 | Elf:1    | Found Joehisez's General Store.
 35669 | Elf:1    | XOM: confuse monster(s)
 35674 | Elf:1    | Reached skill level 10 in Shields
 35690 | Elf:1    | Bought a scroll of teleportation for 51 gold pieces
 35693 | Elf:1    | Noticed Jorgrun
 35696 | Elf:1    | Killed Jorgrun
 35700 | Elf:1    | Reached skill level 24 in Stealth
 35716 | Elf:1    | XOM: chaos upgrade
 35823 | Elf:1    | Identified the +1 sling "Xyulal" {freeze, Dex+5}
 35896 | Elf:1    | Found Acicsifa's Jewellery Shoppe.
 35999 | Elf:1    | XOM: torment (89/135 hp)
 36257 | Elf:2    | Identified the +6 quarterstaff of Rubbish {drain, *Rage rN+
                  | Dex+2}
 36319 | Elf:2    | Found a runed translucent gate.
 36320 | Elf:2    | Found a runed translucent gate.
 36321 | Elf:2    | Found a runed translucent gate.
 36322 | Elf:2    | XOM: potion effect (invisibility)
 36742 | Elf:2    | XOM: potion effect (might)
 36750 | Elf:2    | XOM: silly message
 37051 | Elf:3    | Entered Level 3 of the Elven Halls
 37053 | Elf:3    | XOM: noise
 37152 | Elf:3    | XOM: potion effect (brilliance)
 37158 | Elf:3    | XOM: blink monster(s)
 37161 | Elf:3    | Lost mutation: You are robust. (+10% HP) [a neqoxec]
 37167 | Elf:3    | XOM: summons friendly crimson imp
 37195 | Elf:3    | XOM: enchant monster (good)
 37467 | Elf:3    | XOM: enchant monster (bad)
 37471 | Elf:3    | Reached XP level 23. HP: 128/128 MP: 39/39
 37506 | Elf:3    | XOM: summons friendly shadow imp
 37526 | Elf:3    | XOM is BORED!
 37526 | Elf:3    | XOM: polymorph shadow imp -> ufetubus
 37551 | Elf:3    | XOM: noise
 37623 | Elf:3    | XOM: 2-stop teleportation journey
 37664 | Elf:3    | XOM: 1-stop teleportation journey
 37682 | Elf:3    | XOM: torment (85/128 hp)
 37982 | Elf:3    | XOM: confusion (+ monsters)
 38023 | Elf:3    | XOM: 3-stop teleportation journey
 38033 | Elf:3    | XOM: divination: magic mapping
 38035 | Elf:3    | Noticed Nikola
 38044 | Elf:3    | XOM: summons friendly white imp
 38047 | Elf:3    | XOM: cast spell 'Metabolic Englaciation'
 38048 | Elf:3    | Killed Nikola
 38048 | Elf:3    | XOM: summons 3 friendly demons
 38057 | Elf:3    | XOM: enchant monster (bad)
 38060 | Elf:3    | Identified the ring "Waas" {rF+ rCorr}
 38232 | Elf:3    | Found the +8 demon trident "Rift" {distort, reach+}
 38256 | Elf:3    | Identified the +5 rapier of Deche {holy, *Noise rN++ MP+9
                  | Dex+2}
 38261 | Elf:3    | XOM: 2-stop teleportation journey
 38279 | Elf:3    | Identified the ring of the Coward {Will+ Str+5 Dex+6}
 38338 | Elf:3    | XOM: god gift: +0 hat
 38633 | Lair:3   | XOM: god gift: book of Conjurations
 38747 | Swamp:1  | XOM: enchant monster (good)
 39335 | Swamp:2  | XOM: confuse monster(s)
 39560 | Swamp:3  | Noticed Kirke
 39571 | Swamp:3  | Killed Kirke
 39583 | Swamp:3  | Identified the +1 robe of the Gardener {Str-5 Dex-5 Stlth+
                  | Archmagi}
 39742 | Swamp:3  | Reached XP level 24. HP: 135/135 MP: 39/39
 39995 | Swamp:4  | Entered Level 4 of the Swamp
 40037 | Swamp:4  | XOM: summons 3 friendly demons
 40129 | Swamp:4  | XOM: silly message
 40319 | Swamp:4  | XOM: enchant monster (bad)
 40324 | Swamp:4  | XOM: summons friendly crimson imp
 40326 | Swamp:4  | XOM: give mutation
 40326 | Swamp:4  | Lost mutation: You have a pair of small antennae on your
                  | head. [Xom's mischief]
 40432 | Swamp:4  | XOM: noise
 40536 | Swamp:4  | XOM: confuse monster(s)
 40563 | Swamp:4  | Got a decaying rune of Zot
 40745 | Swamp:4  | Reached skill level 25 in Stealth
 41398 | Vaults:5 | Entered Level 5 of the Vaults
 41399 | Vaults:5 | XOM: scenery: 1 doors open
 41401 | Vaults:5 | Noticed Boris
 41416 | Vaults:5 | XOM: cast spell 'Summon Hydra'
 41419 | Vaults:4 | XOM: confuse monster(s)
 41422 | Vaults:4 | XOM: noise
 41449 | Vaults:4 | XOM: silly message
 41457 | Vaults:4 | XOM: confuse monster(s)
 41489 | Vaults:4 | Reached XP level 25. HP: 136/139 MP: 39/39
 41504 | Vaults:4 | XOM: swap monsters
 41510 | Vaults:4 | XOM: torment (77/139 hp)
 41563 | Vaults:4 | XOM: summons friendly shadow imp
 41570 | Vaults:4 | XOM: swap monsters
 41570 | Vaults:4 | Killed Boris
 41616 | Vaults:5 | XOM: cast spell 'Summon Ice Beast'
 41641 | Vaults:5 | Identified the +12 crystal plate armour "Dyep" {Rampage
                  | rElec Stlth+}
 41649 | Vaults:4 | XOM: enchant monster (good)
 41674 | Vaults:5 | XOM: divination: magic mapping
 41680 | Vaults:5 | XOM: confuse monster(s)
 41698 | Vaults:5 | Identified the +0 buckler of Insurance {Int+6}
 41698 | Vaults:5 | Identified the ring "Riagiafu" {Wiz Str+3}
 41711 | Vaults:5 | XOM: confuse monster(s)
 41714 | Vaults:5 | XOM: destruction
 41721 | Vaults:4 | XOM: give mutations
 41721 | Vaults:4 | Gained mutation: You are partially covered in iridescent
                  | scales. (AC +2) [Xom's grace]
 41721 | Vaults:4 | Gained mutation: You have a pair of small horns on your
                  | head. [Xom's grace]
 41721 | Vaults:4 | Gained mutation: You have an increased reservoir of magic.
                  | (+10% MP) [Xom's grace]
 41721 | Vaults:4 | Gained mutation: Your system is resistant to poisons.
                  | (rPois) [Xom's grace]
 41811 | Vaults:5 | XOM: summons friendly iron imp
 41889 | Vaults:5 | XOM: polymorph ogre mage -> sea snake
 41890 | Vaults:5 | XOM: confuse monster(s)
 41891 | Vaults:5 | XOM: confuse monster(s)
 41943 | Vaults:5 | XOM: potion effect (berserk rage)
 42120 | Vaults:5 | Identified the +9 flail of the People {pain, Fly}
 42144 | Vaults:5 | XOM: smoke on damage
 42176 | Vaults:5 | Got a silver rune of Zot
 42383 | Vaults:5 | Identified the staff "Jellyslayer" {+Blink rC+ rN+ Will+
                  | Ice}
 42470 | Vaults:5 | XOM: god gift: 2 potions of enlightenment
 42545 | Vaults:5 | Identified the staff of the Red Skies {rF+ rCorr Fire}
 42677 | Vaults:5 | Identified the +1 broad axe of Nipaxust {venom, rC++}
 42721 | Vaults:5 | XOM: polymorph iron dragon -> caustic shrike
 42773 | Vaults:5 | XOM: swap monsters
 43143 | Crypt:1  | Entered Level 1 of the Crypt
 43149 | Crypt:1  | XOM: summons 2 hostile demons
 43314 | Crypt:1  | XOM: 2-stop teleportation journey
 43459 | Crypt:1  | XOM: give mutations
 43459 | Crypt:1  | Lost mutation: Your spells are a little harder to cast, but
                  | a little more powerful. [Xom's mischief]
 43459 | Crypt:1  | Lost mutation: You expend magic power (3 MP) to strengthen
                  | your wands. [Xom's mischief]
 43459 | Crypt:1  | Gained mutation: Your movements are slightly less
                  | encumbered by armour. (ER -2) [Xom's mischief]
 43459 | Crypt:1  | Lost mutation: You have sharp toenails. [Xom's mischief]
 43623 | Crypt:1  | Identified the +10 flail of the Hall of Blades {spect,
                  | rF+++ Str+6 Int-4}
 43646 | Crypt:1  | Noticed a dread lich
 43648 | Crypt:1  | Killed a dread lich
 44133 | Crypt:2  | Noticed a dread lich
 44135 | Crypt:2  | Killed a dread lich
 44164 | Crypt:2  | Reached XP level 26. HP: 145/145 MP: 43/43
 44200 | Crypt:2  | Noticed Boris
 44206 | Crypt:2  | Killed Boris
 44214 | Crypt:2  | XOM: noise
 44225 | Crypt:2  | XOM: swap monsters
 44262 | Crypt:2  | XOM: chaos cloud
 44351 | Crypt:2  | Identified the +8 plate armour of Devotion {rPois rC-
                  | Dex+4}
 44419 | Crypt:2  | Noticed Jory
 44421 | Crypt:2  | XOM: give mutations
 44421 | Crypt:2  | Gained mutation: You have a somewhat thin skeletal
                  | structure. (Dex +2, Stealth+) [Xom's mischief]
 44421 | Crypt:2  | Lost mutation: You are partially covered in iridescent
                  | scales. (AC +2) [Xom's mischief]
 44421 | Crypt:2  | Lost mutation: Your flesh is heat resistant. (rF+) [Xom's
                  | mischief]
 44439 | Crypt:2  | Killed Jory
 44675 | Crypt:3  | Entered Level 3 of the Crypt
 44792 | Crypt:3  | XOM: blink monster(s)
 44915 | Crypt:3  | XOM: noise
 44932 | Crypt:3  | Found a staircase to the Tomb.
 44932 | Crypt:3  | XOM: 2-stop teleportation journey
 45002 | Crypt:3  | XOM: 1-stop teleportation journey
 45004 | Crypt:3  | XOM: 5-stop teleportation journey
 45017 | Crypt:3  | Reached skill level 15 in Shields
 45021 | Crypt:3  | Found a basalt altar of Yredelemnul.
 45031 | Crypt:3  | XOM: noise
 45032 | Crypt:3  | XOM: enchant monster (good)
 45080 | Crypt:3  | XOM: enchant monster (bad)
 45115 | Crypt:3  | Reached skill level 26 in Stealth
 45219 | Crypt:3  | XOM: destruction
 45294 | Crypt:3  | XOM: potion effect (haste)
 45346 | Crypt:3  | Identified the +8 battleaxe "Vobleneo" {flame, *Noise rElec
                  | Str+3 Dex+5}
 45372 | Crypt:3  | Identified the +7 morningstar of the Hierophant {antimagic,
                  | rPois rF+ rC+ Dex+2}
 45433 | Crypt:3  | Found the +7 sceptre of Torment {pain, torment}
 45503 | Crypt:3  | Reached skill level 10 in Armour
 45630 | Crypt:3  | Identified the +1 short sword "Sesh" {pain, rPois Str+3
                  | Int+6} (Xom gifted it to you on level 3 of the Crypt)
 45630 | Crypt:3  | XOM: god gift: +1 short sword "Sesh" {pain, rPois Str+3
                  | Int+6}
 45631 | Crypt:3  | XOM: cloud trail
 46031 | Depths:1 | Entered Level 1 of the Depths
 46031 | Depths:1 | Noticed the Enchantress
 46036 | Depths:1 | Noticed Boris
 46037 | Depths:1 | Killed the Enchantress
 46044 | Depths:1 | XOM: summons friendly white imp
 46049 | Depths:1 | XOM: fog
 46051 | Depths:1 | XOM: scenery: summon butterflies
 46071 | Depths:1 | Killed Boris
 46133 | Depths:1 | XOM: 2-stop teleportation journey
 46152 | Depths:1 | Found Unaloac's Weapon Emporium.
 46168 | Depths:1 | XOM: divination: detect creatures
 46320 | Depths:1 | XOM: enchant monster (good)
 46348 | Depths:1 | Found Ofuos's Magic Scroll Shoppe.
 46415 | Depths:1 | Bought a scroll of acquirement for 1144 gold pieces
 46415 | Depths:1 | Acquired a manual of Shields
 46483 | Depths:1 | XOM: give mutation
 46483 | Depths:1 | Gained mutation: You are somewhat resistant to further
                  | mutation. [Xom's grace]
 46598 | Depths:1 | Found Buqimiba's General Store.
 46605 | Depths:1 | Bought 2 scrolls of acquirement for 1040 gold pieces
 46605 | Depths:1 | Acquired a manual of Dodging
 46606 | Depths:1 | Acquired 406 gold pieces
 46789 | Depths:1 | Found a gateway to Hell.
 46835 | Depths:1 | Found a burning altar of Makhleb.
 46840 | Depths:1 | XOM: god gift: 41 gold pieces
 46916 | Depths:1 | Reached skill level 1 in Shapeshifting
 47345 | Depths:2 | Reached XP level 27. HP: 151/151 MP: 43/43
 47446 | Depths:2 | XOM: scenery: summon butterflies
 47607 | Depths:2 | XOM: confuse monster(s)
 47611 | Depths:2 | XOM: polymorph red very ugly thing -> white very ugly thing
 47612 | Depths:2 | XOM: chaos cloud
 47614 | Depths:2 | XOM: summons friendly crimson imp
 47703 | Depths:2 | XOM: god gift: 6 stones
 47801 | Depths:2 | XOM: enchant monster (good)
 47802 | Depths:2 | XOM: confuse monster(s)
 47812 | Depths:2 | XOM: silly message
 47829 | Depths:2 | Identified the +4 scale mail of Zixziesch {rElec rF+ rCorr
                  | Stlth+}
 47899 | Depths:2 | Found an iron altar of Okawaru.
 47921 | Depths:2 | XOM: silly message
 47971 | Depths:2 | Identified the +2 quarterstaff "Embalmer" {venom, rPois rF-
                  | rC+ Str+3}
 47989 | Depths:2 | XOM: silly message
 48090 | Depths:2 | Found a one-way gate leading to the halls of Pandemonium.
 48124 | Depths:2 | XOM: god gift: book of Displacement
 48130 | Depths:2 | XOM: summons 13 hostile demons
 48309 | Depths:2 | XOM: god gift: ring of flight
 48361 | Depths:2 | Identified the staff "Reir" {rC+ Dex+5 Ice}
 48361 | Depths:2 | Identified the ring "Byuhuroekh" {Ice rPois rN+}
 48361 | Depths:2 | Noticed Josephina
 48367 | Depths:2 | Killed Josephina
 48371 | Depths:2 | XOM: scenery: create altars
 48626 | Depths:3 | XOM: polymorph cyan very ugly thing -> green very ugly
                  | thing
 48665 | Depths:3 | XOM: confuse monster(s)
 48676 | Depths:3 | Reached skill level 5 in Shapeshifting
 48694 | Depths:3 | Found a shimmering altar of Xom.
 48735 | Depths:3 | Found an ornate altar of the Wu Jian Council.
 48743 | Depths:3 | XOM: cast spell 'Discord'
 48788 | Depths:3 | Found a shimmering altar of Xom.
 48789 | Depths:3 | Found a shimmering altar of Xom.
 48791 | Depths:3 | Found a shimmering altar of Xom.
 48791 | Depths:3 | Found a shimmering altar of Xom.
 48792 | Depths:3 | Found a shimmering altar of Xom.
 48821 | Depths:3 | XOM: fog
 48917 | Depths:3 | XOM: scenery: summon butterflies
 49147 | Depths:3 | Found a one-way gateway to a ziggurat.
 49147 | Depths:3 | Identified the +1 tower shield "User" {rF- rN+ Slay+4}
 49149 | Depths:3 | XOM: confuse monster(s)
 49212 | Depths:3 | XOM: enchant monster (good)
 49228 | Depths:3 | XOM: divine lightning
 49265 | Depths:3 | XOM: summons friendly crimson imp
 49278 | Depths:3 | XOM: cast spell 'Summon Cactus Giant'
 49287 | Depths:3 | XOM: snakes to sticks
 49332 | Depths:3 | Found a runed translucent door.
 49347 | Depths:3 | Identified the +1 arbalest of Oxaogh {drain, rF+ rC+
                  | Will+++ rCorr}
 49393 | Depths:3 | Found a runed translucent door.
 49393 | Depths:3 | XOM: scenery: 2 doors close
 49396 | Depths:3 | Noticed a dread lich
 49399 | Depths:3 | Killed a dread lich
 49418 | Depths:3 | Found the +3 hat of Pondering {ponderous, Will+ MP+10
                  | Int+5}
 49604 | Depths:3 | XOM: stat loss: -1 Dex (32/33)
 49655 | Depths:4 | Entered Level 4 of the Depths
 49674 | Depths:4 | XOM: blink monster(s)
 49675 | Depths:4 | XOM: stat loss: -1 Dex (31/33)
 49691 | Depths:4 | XOM: destruction
 49697 | Depths:4 | XOM: polymorph ettin -> satyr
 49909 | Depths:4 | Found a gate to the Realm of Zot.
 49942 | Depths:4 | XOM: divine lightning
 49943 | Depths:4 | XOM: divine lightning
 49952 | Depths:4 | XOM: enchant monster (bad)
 49966 | Depths:4 | XOM: 1-stop teleportation journey
 50352 | Hell     | Entered the Vestibule of Hell
 50352 | Hell     | Noticed Geryon
 50356 | Hell     | XOM: swap monsters
 50368 | Hell     | Killed Geryon
 50371 | Hell     | Reached skill level 10 in Shapeshifting
 50386 | Hell     | XOM: polymorph soul eater -> sun demon
 50397 | Hell     | XOM: summons friendly white imp
 50490 | Hell     | Found a gateway to the ashen valley of Gehenna.
 50554 | Hell     | Found a gateway to the Iron City of Dis.
 50684 | Hell     | XOM: enchant monster (bad)
 50697 | Hell     | XOM: enchant monster (bad)
 50803 | Hell     | Found a gateway to the decaying netherworld of Tartarus.
 50819 | Hell     | XOM: summons friendly white imp
 50822 | Hell     | XOM: summons 2 friendly demons
 50919 | Hell     | XOM: god gift: 37 gold pieces
 50953 | Hell     | XOM: polymorph white imp -> quasit
 50989 | Zot:1    | Entered Level 1 of the Realm of Zot
 51027 | Zot:1    | Found a transporter.
 51028 | Zot:1    | Found a transporter.
 51033 | Zot:1    | Found a transporter.
 51052 | Zot:1    | XOM: destruction
 51074 | Zot:1    | XOM: 1-stop teleportation journey
 51078 | Zot:1    | XOM: 7-stop teleportation journey
 51117 | Zot:1    | XOM: swap monsters
 51128 | Zot:1    | XOM: enchant monster (bad)
 51142 | Zot:1    | XOM: cleaving
 51145 | Zot:1    | XOM: summons 4 hostile demons
 51147 | Zot:1    | XOM: give mutation
 51147 | Zot:1    | Lost mutation: You are agile. (Dex +4, Str/Int -1) [Xom's
                  | mischief]
 51153 | Zot:1    | XOM: noise
 51258 | Zot:1    | Found a transporter.
 51320 | Zot:1    | XOM: summons 4 hostile shadow creatures
 51632 | Zot:1    | XOM: chaos cloud
 51687 | Zot:1    | XOM: enchant monster (bad)
 51695 | Zot:1    | XOM: scenery: summon butterflies
 51762 | Zot:1    | XOM: polymorph black draconian -> sphinx
 51824 | Zot:2    | Identified the "Teddaah"
 51918 | Zot:2    | XOM: swap monsters
 51927 | Zot:2    | XOM: noise
 51960 | Zot:2    | XOM: divination: magic mapping
 52007 | Zot:2    | XOM: potion effect (brilliance)
 52013 | Zot:2    | Reached skill level 15 in Shapeshifting
 52249 | Zot:2    | XOM: smoke on damage
 52257 | Zot:2    | XOM: chaos upgrade
 52274 | Zot:2    | XOM: potion effect (berserk rage)
 52495 | Zot:3    | Noticed an orb of fire
 52495 | Zot:3    | XOM: 3-stop teleportation journey
 52566 | Zot:3    | XOM: scenery: summon butterflies
 52789 | Zot:3    | a titan changed into a juggernaut
 52789 | Zot:3    | Noticed a juggernaut
 52789 | Zot:3    | XOM: polymorph titan -> juggernaut
 52792 | Zot:3    | Killed an orb of fire
 52799 | Zot:3    | Killed a juggernaut
 52821 | Zot:3    | XOM: 8-stop teleportation journey
 52847 | Zot:3    | XOM: cloud trail
 52852 | Zot:3    | XOM: god gift: trident {god gift}
 53122 | Zot:3    | XOM: cast spell 'Summon Ice Beast'
 53139 | Zot:3    | Identified the +4 ring mail "Orucka" {rF- rC+ Dex+3}
 53168 | Zot:3    | Identified the +3 trident of Omuiqoch {elec, SInv}
 53281 | Zot:3    | XOM: fog
 53514 | Zot:3    | XOM: give mutation
 53514 | Zot:3    | Gained mutation: You are covered in fur. (AC +1) [Xom's
                  | grace]
 53746 | Zot:4    | XOM: fake destruction
 53776 | Zot:4    | XOM: summons friendly shadow imp
 53777 | Zot:4    | XOM: summons friendly white imp
 54000 | Zot:4    | XOM: god gift: orcbow {god gift}
 54345 | Zot:2    | XOM: silly message
 54417 | Hell     | Found a gateway to the freezing wastes of Cocytus.
 54431 | Slime:5  | Identified the "Neac Sui"
 54431 | Slime:5  | Identified the of Adoecyho
 54431 | Tar:7    | Identified the "Uklerchy"
 54431 | Coc:1    | Entered Level 1 of Cocytus
 54466 | Coc:1    | Noticed an ancient lich
 54470 | Coc:1    | Paralysed by a wendigo for 1 turns
 54474 | Coc:1    | XOM: cleaving
 54475 | Coc:1    | Killed an ancient lich
 54486 | Coc:1    | XOM: fog
 55026 | Coc:3    | Paralysed by a wendigo for 1 turns
 55045 | Coc:3    | XOM: swap monsters
 55045 | Coc:3    | Paralysed by a wendigo for 1 turns
 55150 | Coc:3    | XOM: 1-stop teleportation journey
 55267 | Coc:4    | XOM: summons 7 friendly demons
 55280 | Coc:4    | XOM: fog
 55288 | Coc:4    | XOM: confuse monster(s)
 55298 | Coc:4    | XOM: enchant monster (good)
 55327 | Coc:4    | XOM: cleaving
 55519 | Coc:5    | XOM: fog
 55522 | Coc:5    | XOM: confusion
 55528 | Hell     | XOM: silly message
 55617 | Coc:5    | XOM: silly message
 55621 | Coc:5    | XOM: silly message
 55630 | Coc:5    | XOM: silly message
 55635 | Coc:5    | XOM: potion effect (might)
 55652 | Coc:5    | XOM: silly message
 55913 | Coc:6    | XOM: potion effect (haste)
 55922 | Coc:6    | XOM: divination: detect creatures
 56056 | Coc:6    | XOM: smoke on damage
 56309 | Hell     | XOM: cloud trail
 56341 | Tar:1    | Entered Level 1 of Tartarus
 56538 | Tar:1    | XOM: noise
 56635 | Tar:2    | XOM: 1-stop teleportation journey
 56695 | Tar:2    | XOM: cast spell 'Olgreb's Toxic Radiance'
 56696 | Tar:2    | XOM: divination: detect items
 56715 | Tar:2    | XOM: scenery: create altars
 56830 | Tar:3    | XOM: silly message
 56841 | Tar:3    | You are sucked into a shaft and drop 3 floors!
 56866 | Tar:6    | XOM: potion effect (might)
 56867 | Tar:6    | XOM: potion effect (curing)
 56978 | Tar:6    | XOM: silly message
 57261 | Tar:3    | XOM: butterfly on damage
 57263 | Tar:3    | XOM: cleaving
 57304 | Tar:3    | XOM: cloud trail
 57631 | Tar:4    | Noticed an ancient lich
 57631 | Tar:4    | Noticed a dread lich
 57631 | Tar:4    | Noticed a dread lich
 57631 | Tar:4    | Noticed an ancient lich
 57631 | Tar:4    | Noticed an ancient lich
 57631 | Tar:4    | Noticed an ancient lich
 57633 | Tar:4    | XOM: noise
 57635 | Tar:4    | Killed from afar by an ancient lich

Illustrated notes

Levels and vault maps discovered:
D:1:      scummos_arrival_simple_crosswalls, layout_basic,
          basic_ecumenical_altar
D:2:      layout_loops_ring
D:3:      minmay_door_path, layout_loops_cross, minmay_misc_feat_roman
D:4:      cheibrodos_pilgrimage, layout_basic, nicolae_uskayaw_suspiria,
          jmf_multi_god_temple, temple_hall_moat, minmay_circle_x
D:5:      layout_loops_ring, marbit_many_paths, gammafunk_ghost_abyssal_escape,
          portal_sewer_entry_f, minmay_crystal_water
D:6:      layout_basic, grunt_decor_mini_mirrors, uniq_grinder,
          uniq_blork_the_orc, uniq_duvessa
D:7:      layout_gridville, mrwooster_statue_mirror, chequers_big_river,
          st_stairs_8, nrook_mini_vaults
D:8:      layout_basic, mainiacjoe_overflow_boulevard,
          gammafunk_temple_overflow_forgotten, hellmonk_lair_entry_icy,
          serial_shops, shop, shop, nicolae_stop_n_shop_2, shop, minmay_bent,
          uniq_psyche, uniq_erica
D:9:      layout_stronghold, uniq_jeremiah
D:10:     layout_gridville, minmay_misc_feat_tower, kennysheep_minor_cross,
          uniq_fannar, uniq_maurice
D:11:     minmay_cut_squares, layout_long_grid, orc_0_dummy,
          nicolae_vehumet_altar_sigil
D:12:     layout_roguey, nzn_life_drinkers, uniq_lodul, uniq_snorg, uniq_rupert
D:13:     layout_basic, serial_aquarium, aquarium_bridge_straight
          [aquarium_subvault_bridge, aquarium_subvault_window,
          aquarium_subvault_bridge, aquarium_subvault_window],
          aquarium_bridge_island_large [aquarium_subvault_large_open,
          aquarium_subvault_bridge, aquarium_subvault_bridge,
          aquarium_subvault_wall, aquarium_subvault_wall], aquarium_window_1,
          aquarium_window_1, aquarium_window_fake, aquarium_window_1,
          aquarium_view_2d, aquarium_balcony_3b, aquarium_pool_2,
          hangedman_decor_slide_cut
D:14:     layout_irregular_city, hellmonk_vaults_attempted_burglary,
          hangedman_decor_growths, uniq_louise
D:15:     grunt_enter_depths_magical_seal, layout_grid_maze, serial_shops,
          nicolae_shop_peninsula, trog_three_pillars_becter
Lair:1:   layout_roguey, lemuel_fruit_fields, uniq_harold
Lair:2:   layout_chaotic_city, gammafunk_ghost_arena
Lair:3:   layout_cave_pods, palyth_hydra_swamp_entry,
          spider_nest_entry_web_field
Lair:4:   layout_misc_corridors, slime_entry_1,
          portal_ice_cave_entry_ice_simulacra, minivault_24,
          kilobyte_rumbling_trees
Lair:5:   grunt_lair_end_beastmaster, layout_long_grid, gammafunk_ghost_grave
Swamp:1:  layout_basic_swamp, evilmike_swamp_ruin_house_1, swamp_pool1
Swamp:2:  layout_basic_swamp, serial_swamp_ruin, evilmike_swamp_ruin_rubble_1,
          evilmike_swamp_ruin_house_4, evilmike_swamp_ruin_wall
Swamp:3:  layout_falls_marsh, nicolae_swamp_little_swirl, uniq_kirke
Swamp:4:  nzn_swamp_witches_coven, layout_basic_swamp, swamp_pool1,
          grunt_hermit_hut
Spider:1: layout_spider_delve, nicolae_spider_bzzzt
Spider:2: nicolae_spider_obnoxious_hallway
Spider:3: nicolae_spider_mines_3
Spider:4: grunt_spider_rune_circles, nicolae_spider_webs_and_nodes
Orc:1:    layout_caves, uniq_urug
Orc:2:    grunt_orc_tribal_feast, layout_caves, uniq_azrael
Elf:1:    layout_loops_ring, serial_shops, shop, nicolae_lakefront_shop, shop,
          minmay_elf_sorcery, uniq_jorgrun
Elf:2:    elven_hall_of_blades_hangedman_original
          [nicolae_blade_entry_crossed_weapons], layout_onion_city
Elf:3:    minmay_elf_hall_hex, layout_onion_city, uniq_nikola
Vaults:1: ontoclasm_vaults_ring_large, ontoclasm_vaults_idyll,
          nicolae_vaults_meeting, vaults_mumra_minichess_inversion,
          nicolae_vaults_closet_pinwheel_4, ontoclasm_vaults_ring_small,
          nicolae_vaults_windows_and_doors_thing,
          nicolae_vaults_little_squares_6, nicolae_vaults_oval_intersection,
          layout_vaults_omnicross
Vaults:2: gammafunk_ghost_mausoleum, nicolae_vaults_more_shelving_2,
          nicolae_vaults_little_squares_2, minmay_crypt_entry_simple_walls,
          v_pattern_1, v_misc_1, nicolae_vaults_quartermaster,
          ontoclasm_vaults_shuriken, grunt_vaults_trifunnel,
          nicolae_vaults_closet_pinwheel_4, nicolae_vaults_layer_cake_slice,
          v_misc_30, nicolae_vaults_house_1, layout_vaults_ring
Vaults:3: portal_desolation_entry_nicolae_slug, v_misc_33, vaults_room_corners,
          vaults_room_boxed, st_octagons_1, nicolae_vaults_apartment_2,
          hangedman_vaults_snaps, nicolae_vaults_tetromino_Z_2,
          nicolae_vaults_ring_of_whatevers, layout_vaults_omnibox, serial_shops,
          nicolae_shop_pleasant_corner_grove
Vaults:4: ebering_ghost_gozag, v_misc_5, nicolae_vaults_off_center_swirl,
          ontoclasm_vaults_eye, nicolae_vaults_cornered_office,
          nicolae_vaults_trapezoid_1, layout_vaults_chaotic_city, serial_shops,
          shop, uniq_aizul
Vaults:5: serial_shops, uniq_boris
Crypt:1:  layout_chaotic_city, weyrava_lich_vault, grunt_megastairs_2,
          roderic_lattice_octagonal_star
Crypt:2:  layout_misc_corridors, uniq_jory
Crypt:3:  church_of_pain_bobbens, layout_chaotic_city
Depths:1: dreamdust_cat_pyramid, layout_long_grid, lightli_too_deep,
          serial_shops, nicolae_inconvenience_store, shop, shop,
          chequers_serial_rivers_room_b, makhleb_altar_promises_db,
          uniq_enchantress
Depths:2: evilmike_iron_armoury, layout_basic, chequers_serial_rivers_micro_a,
          grunt_hell_entry_dis_grunt, abyss_entry, rand_demon_pan_entry_5,
          serial_corexii_hall, corexii_hall_statues_l, corexii_hall_statues_s,
          corexii_hall_statues_i, corexii_hall_statues_s, uniq_josephina
Depths:3: cheibrodos_witchhunters_guild, layout_basic, enter_ziggurat_c,
          abyss_entry, hell_entry, basic_altar, xom_redecorated
Depths:4: grunt_crosshair, layout_cave_shapes, hangedman_tar_grid_catacomb,
          serial_sigils_hangedman_snap
Hell
Coc:1:    layout_ice_bergs
Coc:2:    layout_ice_bergs
Coc:3:    layout_ice_bergs
Coc:4:    layout_ice_bergs
Coc:5:    layout_ice_bergs
Coc:6:    layout_cocytus_water_paths
Tar:1:    layout_catacombs, nicolae_tar_cuneiform_oil,
          nicolae_hells_seeping_fissure
Tar:2:    layout_grid_maze, nicolae_tar_cuneiform_bird,
          nicolae_tar_cuneiform_to_be, nicolae_tar_cuneiform_sun
Tar:3:    layout_grid_maze
Tar:4:    layout_honeycomb, nicolae_tar_cuneiform_bird,
          nicolae_tar_liches_on_tour
Tar:6:    layout_cathedral_of_symmetry
Zot:1:    kennysheep_ambush_hall, layout_onion, nicolae_diode_quadrants
Zot:2:    layout_onion
Zot:3:    minmay_elemental_castle, layout_onion_interference
Zot:4:    layout_misc_corridors, grunt_megastairs_1

Skill      XL: |  1  2  3  4  5  6  7  8  9 10 11 12 13 14 15 16 17 18 19 20 21 22 23 24 25 26 27 |
---------------+----------------------------------------------------------------------------------+-----
Dodging        | 1 2 3 4 5 6 7 8 9 10 11 12 13 14 | 14.9
Stealth        | 1 2 3 4 5 6 8 10 12 13 14 15 17 18 19 20 21 22 23 24 25 26 | 26.0
Short Blades   | 3 4 5 6 7 8 9 10 11 12 13 14 15 16 17 18 19 20 | 20.1
Fighting       | 3 4 5 7 8 9 10 11 12 13 14 15 16 17 18 | 18.4
Armour         | 2 3 4 5 6 7 8 9 10 | 10.6
Evocations     | 2 4 6 7 8 |  8.0
Spellcasting   | 2 5 7 9 10 11 | 11.6
Shields        | 1 3 4 5 6 7 9 11 12 13 14 15 18 | 18.1
Air Magic      | 3 |  3.5
Translocations | 3 |  3.3
Shapeshifting  | 1 22 | 22.4

Action                     |  1- 3 |  4- 6 |  7- 9 | 10-12 | 13-15 | 16-18 | 19-21 | 22-24 | 25-27 || total
---------------------------+-------+-------+-------+-------+-------+-------+-------+-------+-------++-------
  Melee: Short sword       |    76 |    81 |   258 |       |       |       |       |       |       ||   415
         Bite              |    15 |    24 |   113 |   138 |   549 |   888 |   912 |   765 |  3708 ||  7112
         Headbutt          |     9 |     8 |       |       |       |       |       |       |  2463 ||  2480
         Punch             |     1 |     2 |     6 |       |       |       |       |       |       ||     9
         Dagger            |       |       |   126 |    89 |       |       |       |       |       ||   215
         Rapier            |       |       |       |   275 |   995 |       |       |       |       ||  1270
         Quick blade       |       |       |       |       |   221 |  1753 |  1598 |  1413 |  5536 || 10521
  Evoke: Wand              |       |       |       |       |     7 |    14 |     1 |       |     1 ||    23
    Use: Scroll            |     3 |     1 |    17 |     1 |    16 |    11 |     3 |       |    13 ||    65
         Potion            |       |     1 |     1 |       |     2 |     1 |     1 |     2 |     2 ||    10
   Stab: Sleeping          |     9 |     6 |    21 |    33 |    61 |    34 |    95 |    72 |   155 ||   486
         Confused          |       |     2 |       |    12 |     5 |     2 |     7 |    16 |    43 ||    87
         Paralysed         |       |       |     1 |       |     1 |     2 |     1 |       |     1 ||     6
         Petrifying        |       |       |     1 |       |     1 |       |       |       |     2 ||     4
         Distracted        |       |       |       |     2 |     5 |     9 |     6 |    13 |    43 ||    78
         Invisible         |       |       |       |       |     6 |       |       |     1 |     7 ||    14
         Petrified         |       |       |       |       |     1 |       |       |       |       ||     1
 Armour: Leather armour    |    39 |    83 |   317 |   113 |       |       |       |       |       ||   552
         Steam dragon scal |       |       |       |   109 |    34 |       |       |       |       ||   143
         Ring mail         |       |       |       |       |   636 |   618 |   333 |   141 |   129 ||  1857
         Shadow dragon sca |       |       |       |       |       |       |       |       |    73 ||    73
         Crystal plate arm |       |       |       |       |       |       |       |       |   591 ||   591
         Acid dragon scale |       |       |       |       |       |       |       |       |    33 ||    33
  Dodge: Dodged            |    29 |    98 |   280 |   241 |   706 |   839 |   451 |   155 |  1000 ||  3799
  Block: Buckler           |       |       |    15 |    94 |   260 |   270 |    89 |       |       ||   728
         Kite shield       |       |       |       |       |       |       |   164 |       |       ||   164
         Tower shield      |       |       |       |       |       |       |   142 |   537 |  3124 ||  3803

Table legend: (Time is in decaauts)
 A = Elapsed time spent in this place.
 B = Non-inter-level travel time spent in this place.
 C = Inter-level travel time spent in this place.
 D = Time resting spent in this place.
 E = Time spent auto-exploring this place.
 F = Levels seen in this place.
 G = Mean time per level.
                   A        B        C        D        E       F      G
               +--------+--------+--------+--------+--------+-----+--------+
         Total |  55305 |  50386 |   4919 |   6349 |  31035 |  64 |  864.1 |
       Dungeon |  17641 |  15963 |   1678 |   5167 |   8172 |  15 | 1176.1 |
          Lair |   5218 |   4531 |    687 |    220 |   3219 |   5 | 1043.6 |
         Swamp |   2559 |   2360 |    199 |      2 |   1726 |   4 |  639.8 |
   Spider Nest |   2987 |   2827 |    160 |    378 |   1303 |   4 |  746.8 |
  Orcish Mines |   1407 |   1268 |    139 |    109 |    768 |   2 |  703.5 |
   Elven Halls |   2922 |   2787 |    135 |      0 |   2019 |   3 |  974.0 |
        Vaults |   7139 |   6502 |    637 |    125 |   4383 |   5 | 1427.8 |
         Crypt |   2479 |   2316 |    163 |     14 |   1594 |   3 |  826.3 |
        Depths |   4090 |   3750 |    340 |      0 |   2812 |   4 | 1022.5 |
          Hell |    762 |    649 |    113 |     89 |    302 |   1 |  762.0 |
       Cocytus |   1667 |   1342 |    325 |     57 |    893 |   6 |  277.8 |
      Tartarus |   1166 |   1014 |    152 |     84 |    647 |   5 |  233.2 |
           Zot |   3106 |   2920 |    186 |     40 |   2069 |   4 |  776.5 |
         Sewer |    376 |    376 |      0 |      0 |    129 |   1 |  376.0 |
      Ice Cave |   1024 |   1024 |      0 |     63 |    563 |   1 | 1024.0 |
    Desolation |    756 |    756 |      0 |      0 |    433 |   1 |  756.0 |
               +--------+--------+--------+--------+--------+-----+--------+

Top non-repeatable levels by time:
     D:1: 5175 daAuts
Vaults:2: 1655 daAuts
Vaults:1: 1648 daAuts
Vaults:4: 1539 daAuts
  Lair:3: 1489 daAuts
Depths:2: 1401 daAuts
     D:7: 1338 daAuts
   Elf:3: 1257 daAuts
Vaults:5: 1209 daAuts
     D:9: 1170 daAuts
    D:15: 1092 daAuts
Vaults:3: 1086 daAuts
  Lair:5: 1077 daAuts
    D:14: 1076 daAuts
   Zot:3: 1074 daAuts
